Workbook
Name completo: 'COMP EQUIP LOTE 03, 04, 05, 06'!#REF!
Name completo: 'COMP EQUIP LOTE 01 E 02'!#REF!
Name desonerada: #REF!
Name EQUIPCOMPLETA: 'COMP EQUIP LOTE 03, 04, 05, 06'!$B$1:$P$146
Name EQUIPCOMPLETA: 'COMP EQUIP LOTE 01 E 02'!$B$1:$P$146
Name incompleto: #REF!
Name incompleto: #REF!
Name incompleto: #REF!
Name LOTE01E02: 'COMP EQUIP LOTE 01 E 02'!#REF!
Name LOTE3456: 'COMP EQUIP LOTE 03, 04, 05, 06'!#REF!
Name RESUMO: 'COMP EQUIP LOTE 03, 04, 05, 06'!#REF!
Name RESUMO: 'COMP EQUIP LOTE 01 E 02'!#REF!
Name RESUMOCOM: 'COMP EQUIP LOTE 03, 04, 05, 06'!#REF!
Name RESUMOCOM: 'COMP EQUIP LOTE 01 E 02'!#REF!
Name RESUMOCOMPLETO: 'COMP EQUIP LOTE 03, 04, 05, 06'!#REF!
Name RESUMOCOMPLETO: 'COMP EQUIP LOTE 01 E 02'!#REF!
Name SICROCOM: 'SICRO C DESON'!$A$3:$K$2307
Name SICROSEM: 'SICRO S DESON'!$A$3:$K$2306
Name SINAPICOM: 'SINAPI C DESON'!$G$7:$K$12539
Name SINAPISEM: 'SINAPI S DESON'!$G$7:$K$12469

Sheet SINAPI C DESON
A1: PCI.817.01 - CUSTO DE COMPOSIÇÕES - SINTÉTICO DATA DE EMISSÃO: 15/03/2023 23:23:33 DATA DE RT: 15/03/2023
A2: ENCARGOS SOCIAIS DESONERADOS: 82,01%(HORA) 47,14%(MÊS)
A3: ABRANGÊNCIA : NACIONAL LOCALIDADE : BRASILIA DATA DE PREÇO : 02/2023 REFERÊNCIA COLETA : MEDIANO
A5: DESCRICAO DA CLASSE | B5: SIGLA DA CLASSE | C5: DESCRICAO DO TIPO 1 | D5: SIGLA DO TIPO 1 | E5: CODIGO DO AGRUPADOR | F5: DESCRICAO DO AGRUPADOR | G5: CODIGO DA COMPOSICAO | H5: DESCRICAO DA COMPOSICAO | I5: UNIDADE | J5: ORIGEM DE PREÇO | K5: CUSTO TOTAL | L5: VINCULO
A7: ASSENTAMENTO DE TUBOS E PECAS | B7: ASTU | C7: FORNEC E/OU ASSENT DE TUBO DE FERRO FUNDIDO JUNTA ELASTICA | D7: 45 | G7: 97141 | H7: ASSENTAMENTO DE TUBO DE FERRO FUNDIDO PARA REDE DE ÁGUA, DN 80 MM, JUNTA ELÁSTICA, INSTALADO EM LOCAL COM NÍVEL ALTO DE INTERFERÊNCIAS (NÃO INCLUI FORNECIMENTO). AF_11/2017 | I7: M | J7: ATRIBUÍDO SÃO PAULO | K7: 7.67 | L7: CAIXA REFERENCIAL
A8: ASSENTAMENTO DE TUBOS E PECAS | B8: ASTU | C8: FORNEC E/OU ASSENT DE TUBO DE FERRO FUNDIDO JUNTA ELASTICA | D8: 45 | G8: 97142 | H8: ASSENTAMENTO DE TUBO DE FERRO FUNDIDO PARA REDE DE ÁGUA, DN 100 MM, JUNTA ELÁSTICA, INSTALADO EM LOCAL COM NÍVEL ALTO DE INTERFERÊNCIAS (NÃO INCLUI FORNECIMENTO). AF_11/2017 | I8: M | J8: ATRIBUÍDO SÃO PAULO | K8: 8.53 | L8: CAIXA REFERENCIAL
A9: ASSENTAMENTO DE TUBOS E PECAS | B9: ASTU | C9: FORNEC E/OU ASSENT DE TUBO DE FERRO FUNDIDO JUNTA ELASTICA | D9: 45 | G9: 97143 | H9: ASSENTAMENTO DE TUBO DE FERRO FUNDIDO PARA REDE DE ÁGUA, DN 150 MM, JUNTA ELÁSTICA, INSTALADO EM LOCAL COM NÍVEL ALTO DE INTERFERÊNCIAS (NÃO INCLUI FORNECIMENTO). AF_11/2017 | I9: M | J9: ATRIBUÍDO SÃO PAULO | K9: 10.68 | L9: CAIXA REFERENCIAL
A10: ASSENTAMENTO DE TUBOS E PECAS | B10: ASTU | C10: FORNEC E/OU ASSENT DE TUBO DE FERRO FUNDIDO JUNTA ELASTICA | D10: 45 | G10: 97144 | H10: ASSENTAMENTO DE TUBO DE FERRO FUNDIDO PARA REDE DE ÁGUA, DN 200 MM, JUNTA ELÁSTICA, INSTALADO EM LOCAL COM NÍVEL ALTO DE INTERFERÊNCIAS (NÃO INCLUI FORNECIMENTO). AF_11/2017 | I10: M | J10: ATRIBUÍDO SÃO PAULO | K10: 12.81 | L10: CAIXA REFERENCIAL
A11: ASSENTAMENTO DE TUBOS E PECAS | B11: ASTU | C11: FORNEC E/OU ASSENT DE TUBO DE FERRO FUNDIDO JUNTA ELASTICA | D11: 45 | G11: 97145 | H11: ASSENTAMENTO DE TUBO DE FERRO FUNDIDO PARA REDE DE ÁGUA, DN 250 MM, JUNTA ELÁSTICA, INSTALADO EM LOCAL COM NÍVEL ALTO DE INTERFERÊNCIAS (NÃO INCLUI FORNECIMENTO). AF_11/2017 | I11: M | J11: ATRIBUÍDO SÃO PAULO | K11: 14.98 | L11: CAIXA REFERENCIAL
A12: ASSENTAMENTO DE TUBOS E PECAS | B12: ASTU | C12: FORNEC E/OU ASSENT DE TUBO DE FERRO FUNDIDO JUNTA ELASTICA | D12: 45 | G12: 97146 | H12: ASSENTAMENTO DE TUBO DE FERRO FUNDIDO PARA REDE DE ÁGUA, DN 300 MM, JUNTA ELÁSTICA, INSTALADO EM LOCAL COM NÍVEL ALTO DE INTERFERÊNCIAS (NÃO INCLUI FORNECIMENTO). AF_11/2017 | I12: M | J12: ATRIBUÍDO SÃO PAULO | K12: 17.13 | L12: CAIXA REFERENCIAL
A13: ASSENTAMENTO DE TUBOS E PECAS | B13: ASTU | C13: FORNEC E/OU ASSENT DE TUBO DE FERRO FUNDIDO JUNTA ELASTICA | D13: 45 | G13: 97147 | H13: ASSENTAMENTO DE TUBO DE FERRO FUNDIDO PARA REDE DE ÁGUA, DN 350 MM, JUNTA ELÁSTICA, INSTALADO EM LOCAL COM NÍVEL ALTO DE INTERFERÊNCIAS (NÃO INCLUI FORNECIMENTO). AF_11/2017 | I13: M | J13: ATRIBUÍDO SÃO PAULO | K13: 19.3 | L13: CAIXA REFERENCIAL
A14: ASSENTAMENTO DE TUBOS E PECAS | B14: ASTU | C14: FORNEC E/OU ASSENT DE TUBO DE FERRO FUNDIDO JUNTA ELASTICA | D14: 45 | G14: 97148 | H14: ASSENTAMENTO DE TUBO DE FERRO FUNDIDO PARA REDE DE ÁGUA, DN 400 MM, JUNTA ELÁSTICA, INSTALADO EM LOCAL COM NÍVEL ALTO DE INTERFERÊNCIAS (NÃO INCLUI FORNECIMENTO). AF_11/2017 | I14: M | J14: ATRIBUÍDO SÃO PAULO | K14: 21.46 | L14: CAIXA REFERENCIAL
A15: ASSENTAMENTO DE TUBOS E PECAS | B15: ASTU | C15: FORNEC E/OU ASSENT DE TUBO DE FERRO FUNDIDO JUNTA ELASTICA | D15: 45 | G15: 97149 | H15: ASSENTAMENTO DE TUBO DE FERRO FUNDIDO PARA REDE DE ÁGUA, DN 450 MM, JUNTA ELÁSTICA, INSTALADO EM LOCAL COM NÍVEL ALTO DE INTERFERÊNCIAS (NÃO INCLUI FORNECIMENTO). AF_11/2017 | I15: M | J15: ATRIBUÍDO SÃO PAULO | K15: 23.66 | L15: CAIXA REFERENCIAL
A16: ASSENTAMENTO DE TUBOS E PECAS | B16: ASTU | C16: FORNEC E/OU ASSENT DE TUBO DE FERRO FUNDIDO JUNTA ELASTICA | D16: 45 | G16: 97150 | H16: ASSENTAMENTO DE TUBO DE FERRO FUNDIDO PARA REDE DE ÁGUA, DN 500 MM, JUNTA ELÁSTICA, INSTALADO EM LOCAL COM NÍVEL ALTO DE INTERFERÊNCIAS (NÃO INCLUI FORNECIMENTO). AF_11/2017 | I16: M | J16: ATRIBUÍDO SÃO PAULO | K16: 30.09 | L16: CAIXA REFERENCIAL
A17: ASSENTAMENTO DE TUBOS E PECAS | B17: ASTU | C17: FORNEC E/OU ASSENT DE TUBO DE FERRO FUNDIDO JUNTA ELASTICA | D17: 45 | G17: 97151 | H17: ASSENTAMENTO DE TUBO DE FERRO FUNDIDO PARA REDE DE ÁGUA, DN 600 MM, JUNTA ELÁSTICA, INSTALADO EM LOCAL COM NÍVEL ALTO DE INTERFERÊNCIAS (NÃO INCLUI FORNECIMENTO). AF_11/2017 | I17: M | J17: ATRIBUÍDO SÃO PAULO | K17: 35.08 | L17: CAIXA REFERENCIAL
A18: ASSENTAMENTO DE TUBOS E PECAS | B18: ASTU | C18: FORNEC E/OU ASSENT DE TUBO DE FERRO FUNDIDO JUNTA ELASTICA | D18: 45 | G18: 97152 | H18: ASSENTAMENTO DE TUBO DE FERRO FUNDIDO PARA REDE DE ÁGUA, DN 700 MM, JUNTA ELÁSTICA, INSTALADO EM LOCAL COM NÍVEL ALTO DE INTERFERÊNCIAS (NÃO INCLUI FORNECIMENTO). AF_11/2017 | I18: M | J18: ATRIBUÍDO SÃO PAULO | K18: 39.78 | L18: CAIXA REFERENCIAL
... A7523: SERVICOS DIVERSOS | B7523: SEDI | C7523: OUTROS | D7523: 318 | G7523: 101460 | H7523: VIGIA DIURNO COM ENCARGOS COMPLEMENTARES | I7523: MES | J7523: COEFICIENTE DE REPRESENTATIVIDADE | K7523: 3509.12 | L7523: ENCARGOS COMPLEMENTARES REFERENCIAL
G7526: PRECOS DE INSUMOS
G7528: MES DE COLETA: 02/2023
G7529: LOCALIDADE: 4495 - BRASILIA
G7530: ENCARGOS SOCIAIS (%) HORISTA 82,01 MENSALISTA 47,14
G7532: CODIGO | H7532: DESCRICAO DO INSUMO | I7532: UNIDADE | J7532: ORIGEM DO PRECO | K7532: PRECO MEDIANO R$
G7533: 38605 | H7533: ABERTURA PARA ENCAIXE DE CUBA OU LAVATORIO EM BANCADA DE MARMORE/ GRANITO OU OUTRO TIPO DE PEDRA NATURAL | I7533: UN | J7533: CR | K7533: 119.7
G7534: 11270 | H7534: ABRACADEIRA DE LATAO PARA FIXACAO DE CABO PARA-RAIO, DIMENSOES 32 X 24 X 24 MM | I7534: UN | J7534: AS | K7534: 2.77
G7535: 412 | H7535: ABRACADEIRA DE NYLON PARA AMARRACAO DE CABOS, COMPRIMENTO DE *230* X *7,6* MM | I7535: UN | J7535: CR | K7535: 0.97
G7536: 414 | H7536: ABRACADEIRA DE NYLON PARA AMARRACAO DE CABOS, COMPRIMENTO DE 100 X 2,5 MM | I7536: UN | J7536: CR | K7536: 0.06
G7537: 410 | H7537: ABRACADEIRA DE NYLON PARA AMARRACAO DE CABOS, COMPRIMENTO DE 150 X *3,6* MM | I7537: UN | J7537: CR | K7537: 0.15
G7538: 411 | H7538: ABRACADEIRA DE NYLON PARA AMARRACAO DE CABOS, COMPRIMENTO DE 200 X *4,6* MM | I7538: UN | J7538: C | K7538: 0.19
G7539: 408 | H7539: ABRACADEIRA DE NYLON PARA AMARRACAO DE CABOS, COMPRIMENTO DE 390 X *4,6* MM | I7539: UN | J7539: CR | K7539: 0.94
G7540: 39131 | H7540: ABRACADEIRA EM ACO PARA AMARRACAO DE ELETRODUTOS, TIPO D, COM 1 1/2" E CUNHA DE FIXACAO | I7540: UN | J7540: CR | K7540: 3.09
G7541: 394 | H7541: ABRACADEIRA EM ACO PARA AMARRACAO DE ELETRODUTOS, TIPO D, COM 1 1/2" E PARAFUSO DE FIXACAO | I7541: UN | J7541: CR | K7541: 3.13
G7542: 39130 | H7542: ABRACADEIRA EM ACO PARA AMARRACAO DE ELETRODUTOS, TIPO D, COM 1 1/4" E CUNHA DE FIXACAO | I7542: UN | J7542: CR | K7542: 2.82
G7543: 395 | H7543: ABRACADEIRA EM ACO PARA AMARRACAO DE ELETRODUTOS, TIPO D, COM 1 1/4" E PARAFUSO DE FIXACAO | I7543: UN | J7543: CR | K7543: 3.02
G7544: 39127 | H7544: ABRACADEIRA EM ACO PARA AMARRACAO DE ELETRODUTOS, TIPO D, COM 1/2" E CUNHA DE FIXACAO | I7544: UN | J7544: CR | K7544: 1.49
... G12468: 41776 | H12468: VIGIA NOTURNO, HORA EFETIVAMENTE TRABALHADA DE 22 H AS 5 H (COM ADICIONAL NOTURNO) | I12468: H | J12468: CR | K12468: 15.59

Sheet SICRO C DESON
A1: CGCIT | B1: SISTEMA DE CUSTOS REFERENCIAIS DE OBRAS - SICRO | K1: DNIT
B2: Distrito Federal - Outubro/2022 - Com desoneração
A3: Código | B3: Descrição | C3: Valor de Aquisição (R$) | D3: Depreciação (R$/h) | E3: Oportunidade de Capital (R$/h) | F3: Seguros e Impostos (R$/h) | G3: Manutenção (R$/h) | H3: Operação (R$/h) | I3: Mão de Obra de Operação (R$/h) | J3: Custo Produtivo (R$/h) | K3: Custo Improdutivo (R$/h)
A4: E9001 | B4: Conjunto vibratório para tubos de concreto com encaixe PB e 3 jogos de fôrmas - D = 0,60 m - 2,20 kW | C4: 69886.91 | D4: 9.3183 | E4: 2.156 | F4: 0 | G4: 6.9887 | H4: 0 | I4: 0 | J4: 18.463 | K4: 11.4743
A5: E9002 | B5: Conjunto vibratório para tubos de concreto com encaixe PB e 3 jogos de fôrmas - D = 0,80 m - 2,20 kW | C5: 75817.911 | D5: 10.1091 | E5: 2.339 | F5: 0 | G5: 7.5818 | H5: 0 | I5: 0 | J5: 20.0299 | K5: 12.4481
A6: E9003 | B6: Conjunto vibratório para tubos de concreto com encaixe PB e 3 jogos de fôrmas - D = 1,00 m - 2,20 kW | C6: 83406.07 | D6: 11.1208 | E6: 2.5731 | F6: 0 | G6: 8.3406 | H6: 0 | I6: 0 | J6: 22.0345 | K6: 13.6939
A7: E9004 | B7: Conjunto vibratório para tubos de concreto com encaixe PB e 3 jogos de fôrmas - D = 1,20 m - 2,20 kW | C7: 83853.546 | D7: 11.1805 | E7: 2.5869 | F7: 0 | G7: 8.3854 | H7: 0 | I7: 0 | J7: 22.1528 | K7: 13.7674
A8: E9005 | B8: Conjunto vibratório para tubos de concreto com encaixe PB e 3 jogos de fôrmas - D = 1,50 m - 2,20 kW | C8: 85952.862 | D8: 11.4604 | E8: 2.6516 | F8: 0 | G8: 8.5953 | H8: 0 | I8: 0 | J8: 22.7073 | K8: 14.112
A9: E9006 | B9: Equipamento para sondagem manual | C9: 2419.2245 | D9: 0.4113 | E9: 0.0896 | F9: 0 | G9: 0.2419 | H9: 0 | I9: 0 | J9: 0.7428 | K9: 0.5009
A10: E9007 | B10: Bomba de pistão triplex com capacidade de 7,80 m³/h (130 l/min) - 8,20 kW | C10: 102463.04 | D10: 8.197 | E10: 1.8966 | F10: 0 | G10: 7.1724 | H10: 9.9712 | I10: 0 | J10: 27.2372 | K10: 10.0936
A11: E9008 | B11: Transportador manual de tubos de concreto com capacidade de 1 t | C11: 2024.6378 | D11: 1.8222 | E11: 0.1249 | F11: 0 | G11: 1.0123 | H11: 0 | I11: 0 | J11: 2.9594 | K11: 1.9471
A12: E9009 | B12: Embarcação rebocadora - 268 kW | C12: 635231.27 | D12: 8.2712 | E12: 3.6858 | F12: 0 | G12: 18.3805 | H12: 325.888 | I12: 116.368 | J12: 472.5935 | K12: 128.325
A13: E9010 | B13: Balança plataforma digital com mesa de 75 x 75 cm com capacidade de 500 kg | C13: 5943.8192 | D13: 0.8916 | E13: 0.1222 | F13: 0 | G13: 0.4953 | H13: 0 | I13: 0 | J13: 1.5091 | K13: 1.0138
A14: E9011 | B14: Carro manual modelo plataforma de 200 x 80 cm com capacidade de 800 kg | C14: 2025.6556 | D14: 0.3646 | E14: 0.075 | F14: 0 | G14: 0.2026 | H14: 0 | I14: 0 | J14: 0.6422 | K14: 0.4396
A15: E9014 | B15: Deflectômetro de impacto (FWD) instalado em picape com reboque e faixa de carga de 7 a 120 kN - 147 kW | C15: 2208484.4 | D15: 176.6787 | E15: 40.879 | F15: 0 | G15: 110.4242 | H15: 0 | I15: 24.2035 | J15: 352.1854 | K15: 241.7612
... A375: E9798 | B375: Perfuratriz hidráulica rotopercussiva - 123 kW | C375: 1564206.6 | D375: 104.2804 | E375: 28.1492 | F375: 0 | G375: 104.2804 | H375: 118.08 | I375: 24.3211 | J375: 379.1111 | K375: 156.7507
A376: E9013 | B376: Caminhão tanque de asfalto com capacidade de 31.000 l - 265 kW | J376: 472.3478 | K376: 89.3046
A377: A9335 | B377: Cavalo mecânico estradeiro 6 x 2, PBT 23.000 kg - 265 kW - condição de trabalho severa - motorista de caminhão | C377: 787942.12 | D377: 33.7689 | E377: 13.8903 | F377: 5.6282 | G377: 50.6534 | H377: 322.24 | I377: 22.3448 | J377: 448.5256 | K377: 75.6322
A378: A9364 | B378: Tanque isotérmico de asfalto com capacidade de 31.000 l | C378: 253743.95 | D378: 10.1498 | E378: 3.5226 | F378: 0 | G378: 10.1498 | H378: 0 | I378: 0 | J378: 23.8222 | K378: 13.6724
A379: E9018 | B379: Cavalo mecânico com dolly intermediário e semirreboque de 4 eixos com capacidade de 53 t - 323 kW | J379: 542.7948 | K379: 148.1108
A380: A9324 | B380: Cavalo mecânico estradeiro 6 x 4, PBT 23.000 kg - 323 kW - motorista de veículo especial | C380: 913152.34 | D380: 39.1351 | E380: 16.0976 | F380: 6.5225 | G380: 58.7027 | H380: 289.408 | I380: 24.2035 | J380: 434.0694 | K380: 85.9587
A381: A9355 | B381: Semirreboque com 4 eixos | C381: 516545 | D381: 34.4363 | E381: 17.2634 | F381: 0 | G381: 38.7409 | H381: 0 | I381: 0 | J381: 90.4406 | K381: 51.6997
A382: A9382 | B382: Dolly intermediário com 2 eixos para semirreboque | C382: 104432.36 | D382: 6.9622 | E382: 3.4902 | F382: 0 | G382: 7.8324 | H382: 0 | I382: 0 | J382: 18.2848 | K382: 10.4524
A383: E9027 | B383: Caminhão distribuidor de cimento e cal com capacidade de 17 m³ - 210 kW | J383: 457.9774 | K383: 115.7817
A384: A9333 | B384: Caminhão plataforma 8 x 2, PBTC 36.000 kg e distância entre eixos 4,8 m - 210 kW - motorista de caminhão | C384: 736692.03 | D384: 31.5725 | E384: 12.9868 | F384: 5.2621 | G384: 47.3588 | H384: 255.36 | I384: 22.3448 | J384: 374.885 | K384: 72.1662
A385: A9365 | B385: Distribuidor de cimento montado sobre chassi com capacidade de 17 m³ | C385: 464949.68 | D385: 35.0905 | E385: 8.525 | F385: 0 | G385: 39.4769 | H385: 0 | I385: 0 | J385: 83.0924 | K385: 43.6155
A386: E9037 | B386: Plataforma de inspeção sob pontes montada em caminhão com capacidade de 500 kg e alcance de 15 m - 188 kW | J386: 652.5407 | K386: 245.74
A387: A9334 | B387: Caminhão plataforma 8 x 2, PBT 29.000 kg e distância entre eixos 4,8 m - 188 kW - condição de trabalho severa - motorista de veículo especial | C387: 705022.19 | D387: 30.2152 | E387: 12.4285 | F387: 5.0359 | G387: 45.3229 | H387: 228.608 | I387: 24.2035 | J387: 345.814 | K387: 71.8831
A388: A9378 | B388: Plataforma telescópica para inspeção de pontes montada sobre chassi com capacidade de 500 kg | C388: 2066864 | D388: 118.1065 | E388: 36.4359 | F388: 0 | G388: 132.8698 | H388: 0 | I388: 19.3145 | J388: 306.7267 | K388: 173.8569
A389: E9041 | B389: Caminhão carroceria com guindauto com capacidade de 45 t.m - 188 kW | J389: 416.1049 | K389: 119.9964
A390: A9313 | B390: Caminhão plataforma 6 x 2, PBT 23.000 kg e distância entre eixos 5,4 m - 188 kW - motorista de veículo especial | C390: 645402.34 | D390: 27.6601 | E390: 11.3775 | F390: 4.61 | G390: 41.4902 | H390: 228.608 | I390: 24.2035 | J390: 337.9493 | K390: 67.8511
A391: A9351 | B391: Carroceria de madeira com capacidade de 11 t | C391: 40141.785 | D391: 2.7684 | E391: 0.7259 | F391: 0 | G391: 2.7684 | H391: 0 | I391: 0 | J391: 6.2627 | K391: 3.4943
A392: A9373 | B392: Guindaste articulado montado sobre chassi com capacidade de 45 t.m | C392: 337008 | D392: 23.2419 | E392: 6.0946 | F392: 0 | G392: 23.2419 | H392: 0 | I392: 19.3145 | J392: 71.8929 | K392: 48.651
A393: E9082 | B393: Bate-estaca hidráulico para defensas montado em caminhão guindauto com capacidade de 20 t.m e carroceria de 4 t - 136 kW | J393: 354.4082 | K393: 130.5583
A394: A9323 | B394: Caminhão plataforma 4 x 2, PBT 14.300 kg e distância entre eixos 4,8 m - 136 kW - condição de trabalho severa - motorista de caminhão | C394: 494604.18 | D394: 21.1973 | E394: 8.7192 | F394: 3.5329 | G394: 31.796 | H394: 165.376 | I394: 22.3448 | J394: 252.9662 | K394: 55.7942
A395: A9347 | B395: Carroceria de madeira com capacidade de 4 t | C395: 17692.92 | D395: 1.2202 | E395: 0.32 | F395: 0 | G395: 1.2202 | H395: 0 | I395: 0 | J395: 2.7604 | K395: 1.5402
A396: A9372 | B396: Guindaste articulado montado sobre chassi com capacidade de 20 t.m | C396: 210128.5 | D396: 14.4916 | E396: 3.8001 | F396: 0 | G396: 14.4916 | H396: 0 | I396: 19.3145 | J396: 52.0978 | K396: 37.6062
A397: A9379 | B397: Bate-estaca hidráulico para defensas metálicas montada sobre chassi | C397: 205615 | D397: 11.6515 | E397: 4.6517 | F397: 0 | G397: 10.9661 | H397: 0 | I397: 19.3145 | J397: 46.5838 | K397: 35.6177
A398: E9097 | B398: Caminhão de resgate de veículos leves com plataforma com capacidade de 4 t - 115 kW | J398: 224.8893 | K398: 55.6592
A399: A9326 | B399: Caminhão plataforma 4 x 2 PBT 9.600 kg e distância entre eixos 3,7 m - 115 kW - motorista de veículo especial | C399: 381954.89 | D399: 16.3695 | E399: 6.7333 | F399: 2.7282 | G399: 24.5542 | H399: 139.84 | I399: 24.2035 | J399: 214.4287 | K399: 50.0345
A400: A9374 | B400: Plataforma hidráulica para resgate de veículos montada sobre chassi com capacidade de 4 t | C400: 75225 | D400: 4.2986 | E400: 1.3261 | F400: 0 | G400: 4.8359 | H400: 0 | I400: 0 | J400: 10.4606 | K400: 5.6247
A401: E9098 | B401: Caminhão de resgate de veículos de porte médio com capacidade do guincho de 20 t - 136 kW | J401: 298.7554 | K401: 90.1075
A402: A9306 | B402: Caminhão plataforma 4 x 2, PBT 16.000 kg e distância entre eixos 3,6 m - 136 kW - motorista de veículo especial | C402: 523671.85 | D402: 22.4431 | E402: 9.2316 | F402: 3.7405 | G402: 33.6646 | H402: 165.376 | I402: 24.2035 | J402: 258.6593 | K402: 59.6187
A403: A9375 | B403: Guincho rebocador para resgate de veículos montada sobre chassi com capacidade de 20 t | C403: 149447 | D403: 8.5398 | E403: 2.6345 | F403: 0 | G403: 9.6073 | H403: 0 | I403: 19.3145 | J403: 40.0961 | K403: 30.4888
A404: E9099 | B404: Caminhão de resgate de veículos pesados com dois guinchos com capacidade de 35 t - 240 kW | J404: 513.6894 | K404: 136.7721
A405: A9320 | B405: Caminhão plataforma 6 x 2, PBT 23.000 kg e distância entre eixos 4,8 m - 240 kW - motorista de veículo especial | C405: 798024.65 | D405: 34.2011 | E405: 14.068 | F405: 5.7002 | G405: 51.3016 | H405: 291.84 | I405: 24.2035 | J405: 421.3144 | K405: 78.1728
A406: A9376 | B406: Guincho rebocador para resgate de veículos montada sobre chassi com capacidade de 35 t | C406: 525399.61 | D406: 30.0228 | E406: 9.262 | F406: 0 | G406: 33.7757 | H406: 0 | I406: 19.3145 | J406: 92.375 | K406: 58.5993
A407: E9100 | B407: Cavalo mecânico sem reboque - 210 kW | J407: 282.1538 | K407: 59.0771
A408: A9310 | B408: Cavalo mecânico 4 x 2, PBT 16.000 kg - 210 kW - motorista de caminhão | C408: 543148.21 | D408: 23.2778 | E408: 9.5749 | F408: 3.8796 | G408: 34.9167 | H408: 188.16 | I408: 22.3448 | J408: 282.1538 | K408: 59.0771
A409: E9114 | B409: Painel com seta luminosa para montagem em caminhão | J409: 5.3935 | K409: 3.6922
A410: A9380 | B410: Painel com seta luminosa montado sobre chassi | C410: 34026.635 | D410: 3.0624 | E410: 0.6298 | F410: 0 | G410: 1.7013 | H410: 0 | I410: 0 | J410: 5.3935 | K410: 3.6922
A411: E9115 | B411: Amortecedor retrátil (AMC) para montagem em caminhão | J411: 57.5253 | K411: 31.4446
A412: A9381 | B412: Amortecedor retrátil montado em caminhão | C412: 289786.02 | D412: 26.0807 | E412: 5.3639 | F412: 0 | G412: 26.0807 | H412: 0 | I412: 0 | J412: 57.5253 | K412: 31.4446
A413: E9145 | B413: Caminhão basculante para concreto com capacidade de 7 m³ - 188 kW | J413: 292.2205 | K413: 74.4527
A414: A9316 | B414: Caminhão plataforma 8 x 2, PBT 29.000 kg e distância entre eixos 4,8 m - 188 kW - motorista de caminhão | C414: 701405.43 | D414: 30.0602 | E414: 12.3648 | F414: 5.01 | G414: 45.0903 | H414: 168.448 | I414: 22.3448 | J414: 283.3181 | K414: 69.7798
A415: A9340 | B415: Caçamba basculante para concreto com capacidade de 7 m³ | C415: 49813.995 | D415: 3.7595 | E415: 0.9134 | F415: 0 | G415: 4.2295 | H415: 0 | I415: 0 | J415: 8.9024 | K415: 4.6729
A416: E9146 | B416: Caminhão silo com capacidade de 30 m³ - 265 kW | J416: 491.5586 | K416: 99.6428
A417: A9335 | B417: Cavalo mecânico estradeiro 6 x 2, PBT 23.000 kg - 265 kW - condição de trabalho severa - motorista de caminhão | C417: 787942.12 | D417: 33.7689 | E417: 13.8903 | F417: 5.6282 | G417: 50.6534 | H417: 322.24 | I417: 22.3448 | J417: 448.5256 | K417: 75.6322
A418: A9357 | B418: Semirreboque silo para cimento com capacidade de 30 m³ | C418: 275825 | D418: 19.0224 | E418: 4.9882 | F418: 0 | G418: 19.0224 | H418: 0 | I418: 0 | J418: 43.033 | K418: 24.0106
A419: E9169 | B419: Cavalo mecânico com dolly pneumático de 4 eixos e mesas de giro com capacidade de 57 t - 323 kW | J419: 579.9357 | K419: 169.3421
A420: A9324 | B420: Cavalo mecânico estradeiro 6 x 4, PBT 23.000 kg - 323 kW - motorista de veículo especial | C420: 913152.34 | D420: 39.1351 | E420: 16.0976 | F420: 6.5225 | G420: 58.7027 | H420: 289.408 | I420: 24.2035 | J420: 434.0694 | K420: 85.9587
A421: A9385 | B421: Conjunto de duas mesas de giro para quinta roda ou reboque com capacidade de 100 t cada | C421: 308439.71 | D421: 20.5626 | E421: 10.3083 | F421: 0 | G421: 23.133 | H421: 0 | I421: 0 | J421: 54.0039 | K421: 30.8709
A422: A9389 | B422: Dolly pneumático com capacidade de 48 t e 4 eixos | C422: 524665.49 | D422: 34.9777 | E422: 17.5348 | F422: 0 | G422: 39.3499 | H422: 0 | I422: 0 | J422: 91.8624 | K422: 52.5125
A423: E9170 | B423: Cavalo mecânico com dois dollys pneumáticos de 3 e 4 eixos e mesas de giro com capacidade de 77 t - 323 kW | J423: 685.4594 | K423: 227.5998
A424: A9385 | B424: Conjunto de duas mesas de giro para quinta roda ou reboque com capacidade de 100 t cada | C424: 308439.71 | D424: 20.5626 | E424: 10.3083 | F424: 0 | G424: 23.133 | H424: 0 | I424: 0 | J424: 54.0039 | K424: 30.8709
A425: A9386 | B425: Cavalo mecânico estradeiro 6 x 4, CMT 123.000 kg - 323 kW - motorista de veículo especial | C425: 1178499.9 | D425: 50.5071 | E425: 20.7753 | F425: 8.4179 | G425: 75.7607 | H425: 289.408 | I425: 24.2035 | J425: 469.0725 | K425: 103.9038
A426: A9387 | B426: Dolly pneumático com capacidade de 28,5 t e 3 eixos | C426: 402773.51 | D426: 26.8516 | E426: 13.461 | F426: 0 | G426: 30.208 | H426: 0 | I426: 0 | J426: 70.5206 | K426: 40.3126
A427: A9389 | B427: Dolly pneumático com capacidade de 48 t e 4 eixos | C427: 524665.49 | D427: 34.9777 | E427: 17.5348 | F427: 0 | G427: 39.3499 | H427: 0 | I427: 0 | J427: 91.8624 | K427: 52.5125
A428: E9171 | B428: Cavalo mecânico com dois dollys pneumáticos de 4 e 5 eixos e mesas de giro com capacidade de 111 t - 440 kW | J428: 1294.8712 | K428: 488.8001
A429: A9325 | B429: Cavalo mecânico 8 x 8, PBT 26.000 kg - 440 kW - motorista de veículo especial | C429: 4679988.8 | D429: 200.5709 | E429: 82.5015 | F429: 33.4285 | G429: 300.8564 | H429: 394.24 | I429: 24.2035 | J429: 1035.8008 | K429: 340.7044
A430: A9385 | B430: Conjunto de duas mesas de giro para quinta roda ou reboque com capacidade de 100 t cada | C430: 308439.71 | D430: 20.5626 | E430: 10.3083 | F430: 0 | G430: 23.133 | H430: 0 | I430: 0 | J430: 54.0039 | K430: 30.8709
A431: A9388 | B431: Dolly pneumático com capacidade de 60 t e 5 eixos | C431: 646557.47 | D431: 43.1038 | E431: 21.6085 | F431: 0 | G431: 48.4918 | H431: 0 | I431: 0 | J431: 113.2041 | K431: 64.7123
A432: A9389 | B432: Dolly pneumático com capacidade de 48 t e 4 eixos | C432: 524665.49 | D432: 34.9777 | E432: 17.5348 | F432: 0 | G432: 39.3499 | H432: 0 | I432: 0 | J432: 91.8624 | K432: 52.5125
A433: E9199 | B433: Caminhão com sistema de hidrojateamento de alta pressão e vácuo para limpeza e desobstrução de bueiros com capacidade total de 15.600 l - 188 kW | J433: 376.8527 | K433: 90.7065
A434: A9299 | B434: Equipamento com sistema de hidrojateamento de alta pressão e vácuo para limpeza e desobstrução de bueiros com diâmetro de até 1.500 mm com capacidade total de 15.600 l | C434: 401200 | D434: 16.048 | E434: 6.8074 | F434: 0 | G434: 16.048 | H434: 0 | I434: 0 | J434: 38.9034 | K434: 22.8554
A435: A9313 | B435: Caminhão plataforma 6 x 2, PBT 23.000 kg e distância entre eixos 5,4 m - 188 kW - motorista de veículo especial | C435: 645402.34 | D435: 27.6601 | E435: 11.3775 | F435: 4.61 | G435: 41.4902 | H435: 228.608 | I435: 24.2035 | J435: 337.9493 | K435: 67.8511
A436: E9201 | B436: Caminhão basculante para rocha com capacidade de 12 m³ - 188 kW com periculosidade | J436: 323.9718 | K436: 94.6722
A437: A9327 | B437: Caminhão plataforma 8 x 2 PBT 29.000 kg e distância entre eixos 4,8 m - 188 kW - motorista de veículo especial com periculosidade | C437: 705022.19 | D437: 30.2152 | E437: 12.4285 | F437: 5.0359 | G437: 45.3229 | H437: 168.448 | I437: 29.8359 | J437: 291.2864 | K437: 77.5155
A438: A9343 | B438: Caçamba basculante para rocha com capacidade de 12 m³ | C438: 182894.04 | D438: 13.8033 | E438: 3.3534 | F438: 0 | G438: 15.5287 | H438: 0 | I438: 0 | J438: 32.6854 | K438: 17.1567
A439: E9202 | B439: Plataforma pantográfica montada em caminhão - 115 kW com periculosidade | J439: 315.269 | K439: 119.3968
A440: A9300 | B440: Caminhão plataforma 4 x 2, PBT 8.300 kg e distância entre eixos 3,7 m - 115 kW - motorista de veículo especial com periculosidade | C440: 357923.7 | D440: 15.3396 | E440: 6.3097 | F440: 2.5566 | G440: 23.0094 | H440: 139.84 | I440: 29.8359 | J440: 216.8912 | K440: 54.0418
A441: A9383 | B441: Plataforma pantográfica hidráulica montada sobre chassi com capacidade de 600 kg - com periculosidade | C441: 495341.58 | D441: 33.0228 | E441: 8.9141 | F441: 0 | G441: 33.0228 | H441: 0 | I441: 23.4181 | J441: 98.3778 | K441: 65.355
A442: E9506 | B442: Caminhão basculante com capacidade de 6 m³ - 136 kW | J442: 190.0247 | K442: 63.8279
A443: A9307 | B443: Caminhão plataforma 4 x 2, PBT 16.000 kg e distância entre eixos 3,6 m - 136 kW - motorista de caminhão | C443: 523671.85 | D443: 22.4431 | E443: 9.2316 | F443: 3.7405 | G443: 33.6646 | H443: 87.04 | I443: 22.3448 | J443: 178.4646 | K443: 57.76
A444: A9338 | B444: Caçamba basculante com capacidade de 6 m³ | C444: 64685.426 | D444: 4.8819 | E444: 1.186 | F444: 0 | G444: 5.4922 | H444: 0 | I444: 0 | J444: 11.5601 | K444: 6.0679
A445: E9508 | B445: Caminhão carroceria com capacidade de 9 t - 136 kW | J445: 185.4877 | K445: 61.6231
A446: A9309 | B446: Caminhão plataforma 4 x 2, PBT 16.000 kg e distância entre eixos 4,8 m - 136 kW - motorista de caminhão | C446: 532963.43 | D446: 22.8413 | E446: 9.3954 | F446: 3.8069 | G446: 34.2619 | H446: 87.04 | I446: 22.3448 | J446: 179.6903 | K446: 58.3884
A447: A9350 | B447: Carroceria de madeira com capacidade de 9 t | C447: 37159.816 | D447: 2.5627 | E447: 0.672 | F447: 0 | G447: 2.5627 | H447: 0 | I447: 0 | J447: 5.7974 | K447: 3.2347
A448: E9509 | B448: Caminhão tanque distribuidor de asfalto com capacidade de 6.000 l - 7 kW/136 kW | J448: 279.8174 | K448: 66.0626
A449: A9323 | B449: Caminhão plataforma 4 x 2, PBT 14.300 kg e distância entre eixos 4,8 m - 136 kW - condição de trabalho severa - motorista de caminhão | C449: 494604.18 | D449: 21.1973 | E449: 8.7192 | F449: 3.5329 | G449: 31.796 | H449: 165.376 | I449: 22.3448 | J449: 252.9662 | K449: 55.7942
A450: A9363 | B450: Tanque espargidor de asfalto com capacidade de 6.000 l - 7 kW | C450: 190570 | D450: 7.6228 | E450: 2.6456 | F450: 0 | G450: 7.6228 | H450: 8.96 | I450: 0 | J450: 26.8512 | K450: 10.2684
A451: E9520 | B451: Caminhão com caçamba térmica com capacidade de 6 m³ - 188 kW | J451: 289.8856 | K451: 73.6361
A452: A9311 | B452: Caminhão plataforma 6 x 2, PBT 23.000 kg e distância entre eixos 4,8 m - 188 kW - motorista de caminhão | C452: 636159.12 | D452: 27.264 | E452: 11.2146 | F452: 4.544 | G452: 40.8959 | H452: 168.448 | I452: 22.3448 | J452: 274.7113 | K452: 65.3674
A453: A9339 | B453: Caçamba térmica com capacidade de 6 m³ | C453: 122766.27 | D453: 6.1383 | E453: 2.1304 | F453: 0 | G453: 6.9056 | H453: 0 | I453: 0 | J453: 15.1743 | K453: 8.2687
A454: E9571 | B454: Caminhão tanque com capacidade de 10.000 l - 188 kW | J454: 351.6149 | K454: 74.7096
A455: A9332 | B455: Caminhão plataforma 6 x 2, PBT 23.000 kg e distância entre eixos 4,8 m - 188 kW - condição de trabalho severa - motorista de caminhão | C455: 636159.12 | D455: 27.264 | E455: 11.2146 | F455: 4.544 | G455: 40.8959 | H455: 228.608 | I455: 22.3448 | J455: 334.8713 | K455: 65.3674
A456: A9360 | B456: Tanque para transporte de água com capacidade de 10.000 l | C456: 107321 | D456: 7.4014 | E456: 1.9408 | F456: 0 | G456: 7.4014 | H456: 0 | I456: 0 | J456: 16.7436 | K456: 9.3422
A457: E9575 | B457: Caminhão basculante com caçamba estanque com capacidade de 14 m³ - 188 kW | J457: 301.41 | K457: 80.1535
A458: A9317 | B458: Caminhão plataforma 8 x 2, PBT 29.000 kg e distância entre eixos 4,8 m - 188 kW - motorista de veículo especial | C458: 705022.19 | D458: 30.2152 | E458: 12.4285 | F458: 5.0359 | G458: 45.3229 | H458: 168.448 | I458: 24.2035 | J458: 285.654 | K458: 71.8831
A459: A9345 | B459: Caçamba basculante estanque com capacidade de 14 m³ | C459: 88163.908 | D459: 6.6539 | E459: 1.6165 | F459: 0 | G459: 7.4856 | H459: 0 | I459: 0 | J459: 15.756 | K459: 8.2704
...

Sheet SINAPI S DESON
A1: PCI.817.01 - CUSTO DE COMPOSIÇÕES - SINTÉTICO DATA DE EMISSÃO: 15/03/2023 23:21:51 DATA DE RT: 15/03/2023
A2: ENCARGOS SOCIAIS SOBRE PREÇOS DA MÃO-DE-OBRA: 110,69%(HORA) 70,40%(MÊS)
A3: ABRANGÊNCIA : NACIONAL LOCALIDADE : BRASILIA DATA DE PREÇO : 02/2023 REFERÊNCIA COLETA : MEDIANO
A5: DESCRICAO DA CLASSE | B5: SIGLA DA CLASSE | C5: DESCRICAO DO TIPO 1 | D5: SIGLA DO TIPO 1 | E5: CODIGO DO AGRUPADOR | F5: DESCRICAO DO AGRUPADOR | G5: CODIGO DA COMPOSICAO | H5: DESCRICAO DA COMPOSICAO | I5: UNIDADE | J5: ORIGEM DE PREÇO | K5: CUSTO TOTAL | L5: VINCULO
A7: ASSENTAMENTO DE TUBOS E PECAS | B7: ASTU | C7: FORNEC E/OU ASSENT DE TUBO DE FERRO FUNDIDO JUNTA ELASTICA | D7: 45 | G7: 97141 | H7: ASSENTAMENTO DE TUBO DE FERRO FUNDIDO PARA REDE DE ÁGUA, DN 80 MM, JUNTA ELÁSTICA, INSTALADO EM LOCAL COM NÍVEL ALTO DE INTERFERÊNCIAS (NÃO INCLUI FORNECIMENTO). AF_11/2017 | I7: M | J7: ATRIBUÍDO SÃO PAULO | K7: 8.19 | L7: CAIXA REFERENCIAL
A8: ASSENTAMENTO DE TUBOS E PECAS | B8: ASTU | C8: FORNEC E/OU ASSENT DE TUBO DE FERRO FUNDIDO JUNTA ELASTICA | D8: 45 | G8: 97142 | H8: ASSENTAMENTO DE TUBO DE FERRO FUNDIDO PARA REDE DE ÁGUA, DN 100 MM, JUNTA ELÁSTICA, INSTALADO EM LOCAL COM NÍVEL ALTO DE INTERFERÊNCIAS (NÃO INCLUI FORNECIMENTO). AF_11/2017 | I8: M | J8: ATRIBUÍDO SÃO PAULO | K8: 9.11 | L8: CAIXA REFERENCIAL
A9: ASSENTAMENTO DE TUBOS E PECAS | B9: ASTU | C9: FORNEC E/OU ASSENT DE TUBO DE FERRO FUNDIDO JUNTA ELASTICA | D9: 45 | G9: 97143 | H9: ASSENTAMENTO DE TUBO DE FERRO FUNDIDO PARA REDE DE ÁGUA, DN 150 MM, JUNTA ELÁSTICA, INSTALADO EM LOCAL COM NÍVEL ALTO DE INTERFERÊNCIAS (NÃO INCLUI FORNECIMENTO). AF_11/2017 | I9: M | J9: ATRIBUÍDO SÃO PAULO | K9: 11.42 | L9: CAIXA REFERENCIAL
A10: ASSENTAMENTO DE TUBOS E PECAS | B10: ASTU | C10: FORNEC E/OU ASSENT DE TUBO DE FERRO FUNDIDO JUNTA ELASTICA | D10: 45 | G10: 97144 | H10: ASSENTAMENTO DE TUBO DE FERRO FUNDIDO PARA REDE DE ÁGUA, DN 200 MM, JUNTA ELÁSTICA, INSTALADO EM LOCAL COM NÍVEL ALTO DE INTERFERÊNCIAS (NÃO INCLUI FORNECIMENTO). AF_11/2017 | I10: M | J10: ATRIBUÍDO SÃO PAULO | K10: 13.72 | L10: CAIXA REFERENCIAL
A11: ASSENTAMENTO DE TUBOS E PECAS | B11: ASTU | C11: FORNEC E/OU ASSENT DE TUBO DE FERRO FUNDIDO JUNTA ELASTICA | D11: 45 | G11: 97145 | H11: ASSENTAMENTO DE TUBO DE FERRO FUNDIDO PARA REDE DE ÁGUA, DN 250 MM, JUNTA ELÁSTICA, INSTALADO EM LOCAL COM NÍVEL ALTO DE INTERFERÊNCIAS (NÃO INCLUI FORNECIMENTO). AF_11/2017 | I11: M | J11: ATRIBUÍDO SÃO PAULO | K11: 16.06 | L11: CAIXA REFERENCIAL
A12: ASSENTAMENTO DE TUBOS E PECAS | B12: ASTU | C12: FORNEC E/OU ASSENT DE TUBO DE FERRO FUNDIDO JUNTA ELASTICA | D12: 45 | G12: 97146 | H12: ASSENTAMENTO DE TUBO DE FERRO FUNDIDO PARA REDE DE ÁGUA, DN 300 MM, JUNTA ELÁSTICA, INSTALADO EM LOCAL COM NÍVEL ALTO DE INTERFERÊNCIAS (NÃO INCLUI FORNECIMENTO). AF_11/2017 | I12: M | J12: ATRIBUÍDO SÃO PAULO | K12: 18.38 | L12: CAIXA REFERENCIAL
A13: ASSENTAMENTO DE TUBOS E PECAS | B13: ASTU | C13: FORNEC E/OU ASSENT DE TUBO DE FERRO FUNDIDO JUNTA ELASTICA | D13: 45 | G13: 97147 | H13: ASSENTAMENTO DE TUBO DE FERRO FUNDIDO PARA REDE DE ÁGUA, DN 350 MM, JUNTA ELÁSTICA, INSTALADO EM LOCAL COM NÍVEL ALTO DE INTERFERÊNCIAS (NÃO INCLUI FORNECIMENTO). AF_11/2017 | I13: M | J13: ATRIBUÍDO SÃO PAULO | K13: 20.71 | L13: CAIXA REFERENCIAL
A14: ASSENTAMENTO DE TUBOS E PECAS | B14: ASTU | C14: FORNEC E/OU ASSENT DE TUBO DE FERRO FUNDIDO JUNTA ELASTICA | D14: 45 | G14: 97148 | H14: ASSENTAMENTO DE TUBO DE FERRO FUNDIDO PARA REDE DE ÁGUA, DN 400 MM, JUNTA ELÁSTICA, INSTALADO EM LOCAL COM NÍVEL ALTO DE INTERFERÊNCIAS (NÃO INCLUI FORNECIMENTO). AF_11/2017 | I14: M | J14: ATRIBUÍDO SÃO PAULO | K14: 23.05 | L14: CAIXA REFERENCIAL
A15: ASSENTAMENTO DE TUBOS E PECAS | B15: ASTU | C15: FORNEC E/OU ASSENT DE TUBO DE FERRO FUNDIDO JUNTA ELASTICA | D15: 45 | G15: 97149 | H15: ASSENTAMENTO DE TUBO DE FERRO FUNDIDO PARA REDE DE ÁGUA, DN 450 MM, JUNTA ELÁSTICA, INSTALADO EM LOCAL COM NÍVEL ALTO DE INTERFERÊNCIAS (NÃO INCLUI FORNECIMENTO). AF_11/2017 | I15: M | J15: ATRIBUÍDO SÃO PAULO | K15: 25.41 | L15: CAIXA REFERENCIAL
A16: ASSENTAMENTO DE TUBOS E PECAS | B16: ASTU | C16: FORNEC E/OU ASSENT DE TUBO DE FERRO FUNDIDO JUNTA ELASTICA | D16: 45 | G16: 97150 | H16: ASSENTAMENTO DE TUBO DE FERRO FUNDIDO PARA REDE DE ÁGUA, DN 500 MM, JUNTA ELÁSTICA, INSTALADO EM LOCAL COM NÍVEL ALTO DE INTERFERÊNCIAS (NÃO INCLUI FORNECIMENTO). AF_11/2017 | I16: M | J16: ATRIBUÍDO SÃO PAULO | K16: 32 | L16: CAIXA REFERENCIAL
A17: ASSENTAMENTO DE TUBOS E PECAS | B17: ASTU | C17: FORNEC E/OU ASSENT DE TUBO DE FERRO FUNDIDO JUNTA ELASTICA | D17: 45 | G17: 97151 | H17: ASSENTAMENTO DE TUBO DE FERRO FUNDIDO PARA REDE DE ÁGUA, DN 600 MM, JUNTA ELÁSTICA, INSTALADO EM LOCAL COM NÍVEL ALTO DE INTERFERÊNCIAS (NÃO INCLUI FORNECIMENTO). AF_11/2017 | I17: M | J17: ATRIBUÍDO SÃO PAULO | K17: 37.32 | L17: CAIXA REFERENCIAL
A18: ASSENTAMENTO DE TUBOS E PECAS | B18: ASTU | C18: FORNEC E/OU ASSENT DE TUBO DE FERRO FUNDIDO JUNTA ELASTICA | D18: 45 | G18: 97152 | H18: ASSENTAMENTO DE TUBO DE FERRO FUNDIDO PARA REDE DE ÁGUA, DN 700 MM, JUNTA ELÁSTICA, INSTALADO EM LOCAL COM NÍVEL ALTO DE INTERFERÊNCIAS (NÃO INCLUI FORNECIMENTO). AF_11/2017 | I18: M | J18: ATRIBUÍDO SÃO PAULO | K18: 42.36 | L18: CAIXA REFERENCIAL
... A7523: SERVICOS DIVERSOS | B7523: SEDI | C7523: OUTROS | D7523: 318 | G7523: 101460 | H7523: VIGIA DIURNO COM ENCARGOS COMPLEMENTARES | I7523: MES | J7523: COEFICIENTE DE REPRESENTATIVIDADE | K7523: 3830.23 | L7523: ENCARGOS COMPLEMENTARES REFERENCIAL
G7525: PRECOS DE INSUMOS
G7527: MES DE COLETA: 02/2023
G7528: LOCALIDADE: 4495 - BRASILIA
G7529: ENCARGOS SOCIAIS (%) HORISTA 110,69 MENSALISTA 70,40
G7531: CODIGO | H7531: DESCRICAO DO INSUMO | I7531: UNIDADE | J7531: ORIGEM DO PRECO | K7531: PRECO MEDIANO R$
G7532: 38605 | H7532: ABERTURA PARA ENCAIXE DE CUBA OU LAVATORIO EM BANCADA DE MARMORE/ GRANITO OU OUTRO TIPO DE PEDRA NATURAL | I7532: UN | J7532: CR | K7532: 119.7
G7533: 11270 | H7533: ABRACADEIRA DE LATAO PARA FIXACAO DE CABO PARA-RAIO, DIMENSOES 32 X 24 X 24 MM | I7533: UN | J7533: AS | K7533: 2.77
G7534: 412 | H7534: ABRACADEIRA DE NYLON PARA AMARRACAO DE CABOS, COMPRIMENTO DE *230* X *7,6* MM | I7534: UN | J7534: CR | K7534: 0.97
G7535: 414 | H7535: ABRACADEIRA DE NYLON PARA AMARRACAO DE CABOS, COMPRIMENTO DE 100 X 2,5 MM | I7535: UN | J7535: CR | K7535: 0.06
G7536: 410 | H7536: ABRACADEIRA DE NYLON PARA AMARRACAO DE CABOS, COMPRIMENTO DE 150 X *3,6* MM | I7536: UN | J7536: CR | K7536: 0.15
G7537: 411 | H7537: ABRACADEIRA DE NYLON PARA AMARRACAO DE CABOS, COMPRIMENTO DE 200 X *4,6* MM | I7537: UN | J7537: C | K7537: 0.19
G7538: 408 | H7538: ABRACADEIRA DE NYLON PARA AMARRACAO DE CABOS, COMPRIMENTO DE 390 X *4,6* MM | I7538: UN | J7538: CR | K7538: 0.94
G7539: 39131 | H7539: ABRACADEIRA EM ACO PARA AMARRACAO DE ELETRODUTOS, TIPO D, COM 1 1/2" E CUNHA DE FIXACAO | I7539: UN | J7539: CR | K7539: 3.09
G7540: 394 | H7540: ABRACADEIRA EM ACO PARA AMARRACAO DE ELETRODUTOS, TIPO D, COM 1 1/2" E PARAFUSO DE FIXACAO | I7540: UN | J7540: CR | K7540: 3.13
G7541: 39130 | H7541: ABRACADEIRA EM ACO PARA AMARRACAO DE ELETRODUTOS, TIPO D, COM 1 1/4" E CUNHA DE FIXACAO | I7541: UN | J7541: CR | K7541: 2.82
G7542: 395 | H7542: ABRACADEIRA EM ACO PARA AMARRACAO DE ELETRODUTOS, TIPO D, COM 1 1/4" E PARAFUSO DE FIXACAO | I7542: UN | J7542: CR | K7542: 3.02
G7543: 39127 | H7543: ABRACADEIRA EM ACO PARA AMARRACAO DE ELETRODUTOS, TIPO D, COM 1/2" E CUNHA DE FIXACAO | I7543: UN | J7543: CR | K7543: 1.49
... G12467: 41776 | H12467: VIGIA NOTURNO, HORA EFETIVAMENTE TRABALHADA DE 22 H AS 5 H (COM ADICIONAL NOTURNO) | I12467: H | J12467: CR | K12467: 18.05
G12469: TOTAL DE INSUMOS : 4936

Sheet SICRO S DESON
A1: CGCIT | B1: SISTEMA DE CUSTOS REFERENCIAIS DE OBRAS - SICRO | K1: DNIT
B2: Distrito Federal - Outubro/2022
A3: Código | B3: Descrição | C3: Valor de Aquisição (R$) | D3: Depreciação (R$/h) | E3: Oportunidade de Capital (R$/h) | F3: Seguros e Impostos (R$/h) | G3: Manutenção (R$/h) | H3: Operação (R$/h) | I3: Mão de Obra de Operação (R$/h) | J3: Custo Produtivo (R$/h) | K3: Custo Improdutivo (R$/h)
A4: E9001 | B4: Conjunto vibratório para tubos de concreto com encaixe PB e 3 jogos de fôrmas - D = 0,60 m - 2,20 kW | C4: 69886.91 | D4: 9.3183 | E4: 2.156 | F4: 0 | G4: 6.9887 | H4: 0 | I4: 0 | J4: 18.463 | K4: 11.4743
A5: E9002 | B5: Conjunto vibratório para tubos de concreto com encaixe PB e 3 jogos de fôrmas - D = 0,80 m - 2,20 kW | C5: 75817.911 | D5: 10.1091 | E5: 2.339 | F5: 0 | G5: 7.5818 | H5: 0 | I5: 0 | J5: 20.0299 | K5: 12.4481
A6: E9003 | B6: Conjunto vibratório para tubos de concreto com encaixe PB e 3 jogos de fôrmas - D = 1,00 m - 2,20 kW | C6: 83406.07 | D6: 11.1208 | E6: 2.5731 | F6: 0 | G6: 8.3406 | H6: 0 | I6: 0 | J6: 22.0345 | K6: 13.6939
A7: E9004 | B7: Conjunto vibratório para tubos de concreto com encaixe PB e 3 jogos de fôrmas - D = 1,20 m - 2,20 kW | C7: 83853.546 | D7: 11.1805 | E7: 2.5869 | F7: 0 | G7: 8.3854 | H7: 0 | I7: 0 | J7: 22.1528 | K7: 13.7674
A8: E9005 | B8: Conjunto vibratório para tubos de concreto com encaixe PB e 3 jogos de fôrmas - D = 1,50 m - 2,20 kW | C8: 85952.862 | D8: 11.4604 | E8: 2.6516 | F8: 0 | G8: 8.5953 | H8: 0 | I8: 0 | J8: 22.7073 | K8: 14.112
A9: E9006 | B9: Equipamento para sondagem manual | C9: 2419.2245 | D9: 0.4113 | E9: 0.0896 | F9: 0 | G9: 0.2419 | H9: 0 | I9: 0 | J9: 0.7428 | K9: 0.5009
A10: E9007 | B10: Bomba de pistão triplex com capacidade de 7,80 m³/h (130 l/min) - 8,20 kW | C10: 102463.04 | D10: 8.197 | E10: 1.8966 | F10: 0 | G10: 7.1724 | H10: 9.9712 | I10: 0 | J10: 27.2372 | K10: 10.0936
A11: E9008 | B11: Transportador manual de tubos de concreto com capacidade de 1 t | C11: 2024.6378 | D11: 1.8222 | E11: 0.1249 | F11: 0 | G11: 1.0123 | H11: 0 | I11: 0 | J11: 2.9594 | K11: 1.9471
A12: E9009 | B12: Embarcação rebocadora - 268 kW | C12: 635231.27 | D12: 8.2712 | E12: 3.6858 | F12: 0 | G12: 18.3805 | H12: 325.888 | I12: 131.2246 | J12: 487.4501 | K12: 143.1816
A13: E9010 | B13: Balança plataforma digital com mesa de 75 x 75 cm com capacidade de 500 kg | C13: 5943.8192 | D13: 0.8916 | E13: 0.1222 | F13: 0 | G13: 0.4953 | H13: 0 | I13: 0 | J13: 1.5091 | K13: 1.0138
A14: E9011 | B14: Carro manual modelo plataforma de 200 x 80 cm com capacidade de 800 kg | C14: 2025.6556 | D14: 0.3646 | E14: 0.075 | F14: 0 | G14: 0.2026 | H14: 0 | I14: 0 | J14: 0.6422 | K14: 0.4396
A15: E9014 | B15: Deflectômetro de impacto (FWD) instalado em picape com reboque e faixa de carga de 7 a 120 kN - 147 kW | C15: 2208484.4 | D15: 176.6787 | E15: 40.879 | F15: 0 | G15: 110.4242 | H15: 0 | I15: 27.0509 | J15: 355.0328 | K15: 244.6086
... A375: E9798 | B375: Perfuratriz hidráulica rotopercussiva - 123 kW | C375: 1564206.6 | D375: 104.2804 | E375: 28.1492 | F375: 0 | G375: 104.2804 | H375: 118.08 | I375: 27.1789 | J375: 381.9689 | K375: 159.6085
A376: E9013 | B376: Caminhão tanque de asfalto com capacidade de 31.000 l - 265 kW | J376: 474.9144 | K376: 91.8712
A377: A9335 | B377: Cavalo mecânico estradeiro 6 x 2, PBT 23.000 kg - 265 kW - condição de trabalho severa - motorista de caminhão | C377: 787942.12 | D377: 33.7689 | E377: 13.8903 | F377: 5.6282 | G377: 50.6534 | H377: 322.24 | I377: 24.9114 | J377: 451.0922 | K377: 78.1988
A378: A9364 | B378: Tanque isotérmico de asfalto com capacidade de 31.000 l | C378: 253743.95 | D378: 10.1498 | E378: 3.5226 | F378: 0 | G378: 10.1498 | H378: 0 | I378: 0 | J378: 23.8222 | K378: 13.6724
A379: E9018 | B379: Cavalo mecânico com dolly intermediário e semirreboque de 4 eixos com capacidade de 53 t - 323 kW | J379: 545.6422 | K379: 150.9582
A380: A9324 | B380: Cavalo mecânico estradeiro 6 x 4, PBT 23.000 kg - 323 kW - motorista de veículo especial | C380: 913152.34 | D380: 39.1351 | E380: 16.0976 | F380: 6.5225 | G380: 58.7027 | H380: 289.408 | I380: 27.0509 | J380: 436.9168 | K380: 88.8061
A381: A9355 | B381: Semirreboque com 4 eixos | C381: 516545 | D381: 34.4363 | E381: 17.2634 | F381: 0 | G381: 38.7409 | H381: 0 | I381: 0 | J381: 90.4406 | K381: 51.6997
A382: A9382 | B382: Dolly intermediário com 2 eixos para semirreboque | C382: 104432.36 | D382: 6.9622 | E382: 3.4902 | F382: 0 | G382: 7.8324 | H382: 0 | I382: 0 | J382: 18.2848 | K382: 10.4524
A383: E9027 | B383: Caminhão distribuidor de cimento e cal com capacidade de 17 m³ - 210 kW | J383: 460.544 | K383: 118.3483
A384: A9333 | B384: Caminhão plataforma 8 x 2, PBTC 36.000 kg e distância entre eixos 4,8 m - 210 kW - motorista de caminhão | C384: 736692.03 | D384: 31.5725 | E384: 12.9868 | F384: 5.2621 | G384: 47.3588 | H384: 255.36 | I384: 24.9114 | J384: 377.4516 | K384: 74.7328
A385: A9365 | B385: Distribuidor de cimento montado sobre chassi com capacidade de 17 m³ | C385: 464949.68 | D385: 35.0905 | E385: 8.525 | F385: 0 | G385: 39.4769 | H385: 0 | I385: 0 | J385: 83.0924 | K385: 43.6155
A386: E9037 | B386: Plataforma de inspeção sob pontes montada em caminhão com capacidade de 500 kg e alcance de 15 m - 188 kW | J386: 657.4826 | K386: 250.6819
A387: A9334 | B387: Caminhão plataforma 8 x 2, PBT 29.000 kg e distância entre eixos 4,8 m - 188 kW - condição de trabalho severa - motorista de veículo especial | C387: 705022.19 | D387: 30.2152 | E387: 12.4285 | F387: 5.0359 | G387: 45.3229 | H387: 228.608 | I387: 27.0509 | J387: 348.6614 | K387: 74.7305
A388: A9378 | B388: Plataforma telescópica para inspeção de pontes montada sobre chassi com capacidade de 500 kg | C388: 2066864 | D388: 118.1065 | E388: 36.4359 | F388: 0 | G388: 132.8698 | H388: 0 | I388: 21.409 | J388: 308.8212 | K388: 175.9514
A389: E9041 | B389: Caminhão carroceria com guindauto com capacidade de 45 t.m - 188 kW | J389: 421.0468 | K389: 124.9383
A390: A9313 | B390: Caminhão plataforma 6 x 2, PBT 23.000 kg e distância entre eixos 5,4 m - 188 kW - motorista de veículo especial | C390: 645402.34 | D390: 27.6601 | E390: 11.3775 | F390: 4.61 | G390: 41.4902 | H390: 228.608 | I390: 27.0509 | J390: 340.7967 | K390: 70.6985
A391: A9351 | B391: Carroceria de madeira com capacidade de 11 t | C391: 40141.785 | D391: 2.7684 | E391: 0.7259 | F391: 0 | G391: 2.7684 | H391: 0 | I391: 0 | J391: 6.2627 | K391: 3.4943
A392: A9373 | B392: Guindaste articulado montado sobre chassi com capacidade de 45 t.m | C392: 337008 | D392: 23.2419 | E392: 6.0946 | F392: 0 | G392: 23.2419 | H392: 0 | I392: 21.409 | J392: 73.9874 | K392: 50.7455
A393: E9082 | B393: Bate-estaca hidráulico para defensas montado em caminhão guindauto com capacidade de 20 t.m e carroceria de 4 t - 136 kW | J393: 361.1638 | K393: 137.3139
A394: A9323 | B394: Caminhão plataforma 4 x 2, PBT 14.300 kg e distância entre eixos 4,8 m - 136 kW - condição de trabalho severa - motorista de caminhão | C394: 494604.18 | D394: 21.1973 | E394: 8.7192 | F394: 3.5329 | G394: 31.796 | H394: 165.376 | I394: 24.9114 | J394: 255.5328 | K394: 58.3608
A395: A9347 | B395: Carroceria de madeira com capacidade de 4 t | C395: 17692.92 | D395: 1.2202 | E395: 0.32 | F395: 0 | G395: 1.2202 | H395: 0 | I395: 0 | J395: 2.7604 | K395: 1.5402
A396: A9372 | B396: Guindaste articulado montado sobre chassi com capacidade de 20 t.m | C396: 210128.5 | D396: 14.4916 | E396: 3.8001 | F396: 0 | G396: 14.4916 | H396: 0 | I396: 21.409 | J396: 54.1923 | K396: 39.7007
A397: A9379 | B397: Bate-estaca hidráulico para defensas metálicas montada sobre chassi | C397: 205615 | D397: 11.6515 | E397: 4.6517 | F397: 0 | G397: 10.9661 | H397: 0 | I397: 21.409 | J397: 48.6783 | K397: 37.7122
A398: E9097 | B398: Caminhão de resgate de veículos leves com plataforma com capacidade de 4 t - 115 kW | J398: 227.7367 | K398: 58.5066
A399: A9326 | B399: Caminhão plataforma 4 x 2 PBT 9.600 kg e distância entre eixos 3,7 m - 115 kW - motorista de veículo especial | C399: 381954.89 | D399: 16.3695 | E399: 6.7333 | F399: 2.7282 | G399: 24.5542 | H399: 139.84 | I399: 27.0509 | J399: 217.2761 | K399: 52.8819
A400: A9374 | B400: Plataforma hidráulica para resgate de veículos montada sobre chassi com capacidade de 4 t | C400: 75225 | D400: 4.2986 | E400: 1.3261 | F400: 0 | G400: 4.8359 | H400: 0 | I400: 0 | J400: 10.4606 | K400: 5.6247
A401: E9098 | B401: Caminhão de resgate de veículos de porte médio com capacidade do guincho de 20 t - 136 kW | J401: 303.6973 | K401: 95.0494
A402: A9306 | B402: Caminhão plataforma 4 x 2, PBT 16.000 kg e distância entre eixos 3,6 m - 136 kW - motorista de veículo especial | C402: 523671.85 | D402: 22.4431 | E402: 9.2316 | F402: 3.7405 | G402: 33.6646 | H402: 165.376 | I402: 27.0509 | J402: 261.5067 | K402: 62.4661
A403: A9375 | B403: Guincho rebocador para resgate de veículos montada sobre chassi com capacidade de 20 t | C403: 149447 | D403: 8.5398 | E403: 2.6345 | F403: 0 | G403: 9.6073 | H403: 0 | I403: 21.409 | J403: 42.1906 | K403: 32.5833
A404: E9099 | B404: Caminhão de resgate de veículos pesados com dois guinchos com capacidade de 35 t - 240 kW | J404: 518.6313 | K404: 141.714
A405: A9320 | B405: Caminhão plataforma 6 x 2, PBT 23.000 kg e distância entre eixos 4,8 m - 240 kW - motorista de veículo especial | C405: 798024.65 | D405: 34.2011 | E405: 14.068 | F405: 5.7002 | G405: 51.3016 | H405: 291.84 | I405: 27.0509 | J405: 424.1618 | K405: 81.0202
A406: A9376 | B406: Guincho rebocador para resgate de veículos montada sobre chassi com capacidade de 35 t | C406: 525399.61 | D406: 30.0228 | E406: 9.262 | F406: 0 | G406: 33.7757 | H406: 0 | I406: 21.409 | J406: 94.4695 | K406: 60.6938
A407: E9100 | B407: Cavalo mecânico sem reboque - 210 kW | J407: 284.7204 | K407: 61.6437
A408: A9310 | B408: Cavalo mecânico 4 x 2, PBT 16.000 kg - 210 kW - motorista de caminhão | C408: 543148.21 | D408: 23.2778 | E408: 9.5749 | F408: 3.8796 | G408: 34.9167 | H408: 188.16 | I408: 24.9114 | J408: 284.7204 | K408: 61.6437
A409: E9114 | B409: Painel com seta luminosa para montagem em caminhão | J409: 5.3935 | K409: 3.6922
A410: A9380 | B410: Painel com seta luminosa montado sobre chassi | C410: 34026.635 | D410: 3.0624 | E410: 0.6298 | F410: 0 | G410: 1.7013 | H410: 0 | I410: 0 | J410: 5.3935 | K410: 3.6922
A411: E9115 | B411: Amortecedor retrátil (AMC) para montagem em caminhão | J411: 57.5253 | K411: 31.4446
A412: A9381 | B412: Amortecedor retrátil montado em caminhão | C412: 289786.02 | D412: 26.0807 | E412: 5.3639 | F412: 0 | G412: 26.0807 | H412: 0 | I412: 0 | J412: 57.5253 | K412: 31.4446
A413: E9145 | B413: Caminhão basculante para concreto com capacidade de 7 m³ - 188 kW | J413: 294.7871 | K413: 77.0193
A414: A9316 | B414: Caminhão plataforma 8 x 2, PBT 29.000 kg e distância entre eixos 4,8 m - 188 kW - motorista de caminhão | C414: 701405.43 | D414: 30.0602 | E414: 12.3648 | F414: 5.01 | G414: 45.0903 | H414: 168.448 | I414: 24.9114 | J414: 285.8847 | K414: 72.3464
A415: A9340 | B415: Caçamba basculante para concreto com capacidade de 7 m³ | C415: 49813.995 | D415: 3.7595 | E415: 0.9134 | F415: 0 | G415: 4.2295 | H415: 0 | I415: 0 | J415: 8.9024 | K415: 4.6729
A416: E9146 | B416: Caminhão silo com capacidade de 30 m³ - 265 kW | J416: 494.1252 | K416: 102.2094
A417: A9335 | B417: Cavalo mecânico estradeiro 6 x 2, PBT 23.000 kg - 265 kW - condição de trabalho severa - motorista de caminhão | C417: 787942.12 | D417: 33.7689 | E417: 13.8903 | F417: 5.6282 | G417: 50.6534 | H417: 322.24 | I417: 24.9114 | J417: 451.0922 | K417: 78.1988
A418: A9357 | B418: Semirreboque silo para cimento com capacidade de 30 m³ | C418: 275825 | D418: 19.0224 | E418: 4.9882 | F418: 0 | G418: 19.0224 | H418: 0 | I418: 0 | J418: 43.033 | K418: 24.0106
A419: E9169 | B419: Cavalo mecânico com dolly pneumático de 4 eixos e mesas de giro com capacidade de 57 t - 323 kW | J419: 582.7831 | K419: 172.1895
A420: A9324 | B420: Cavalo mecânico estradeiro 6 x 4, PBT 23.000 kg - 323 kW - motorista de veículo especial | C420: 913152.34 | D420: 39.1351 | E420: 16.0976 | F420: 6.5225 | G420: 58.7027 | H420: 289.408 | I420: 27.0509 | J420: 436.9168 | K420: 88.8061
A421: A9385 | B421: Conjunto de duas mesas de giro para quinta roda ou reboque com capacidade de 100 t cada | C421: 308439.71 | D421: 20.5626 | E421: 10.3083 | F421: 0 | G421: 23.133 | H421: 0 | I421: 0 | J421: 54.0039 | K421: 30.8709
A422: A9389 | B422: Dolly pneumático com capacidade de 48 t e 4 eixos | C422: 524665.49 | D422: 34.9777 | E422: 17.5348 | F422: 0 | G422: 39.3499 | H422: 0 | I422: 0 | J422: 91.8624 | K422: 52.5125
A423: E9170 | B423: Cavalo mecânico com dois dollys pneumáticos de 3 e 4 eixos e mesas de giro com capacidade de 77 t - 323 kW | J423: 688.3068 | K423: 230.4472
A424: A9385 | B424: Conjunto de duas mesas de giro para quinta roda ou reboque com capacidade de 100 t cada | C424: 308439.71 | D424: 20.5626 | E424: 10.3083 | F424: 0 | G424: 23.133 | H424: 0 | I424: 0 | J424: 54.0039 | K424: 30.8709
A425: A9386 | B425: Cavalo mecânico estradeiro 6 x 4, CMT 123.000 kg - 323 kW - motorista de veículo especial | C425: 1178499.9 | D425: 50.5071 | E425: 20.7753 | F425: 8.4179 | G425: 75.7607 | H425: 289.408 | I425: 27.0509 | J425: 471.9199 | K425: 106.7512
A426: A9387 | B426: Dolly pneumático com capacidade de 28,5 t e 3 eixos | C426: 402773.51 | D426: 26.8516 | E426: 13.461 | F426: 0 | G426: 30.208 | H426: 0 | I426: 0 | J426: 70.5206 | K426: 40.3126
A427: A9389 | B427: Dolly pneumático com capacidade de 48 t e 4 eixos | C427: 524665.49 | D427: 34.9777 | E427: 17.5348 | F427: 0 | G427: 39.3499 | H427: 0 | I427: 0 | J427: 91.8624 | K427: 52.5125
A428: E9171 | B428: Cavalo mecânico com dois dollys pneumáticos de 4 e 5 eixos e mesas de giro com capacidade de 111 t - 440 kW | J428: 1297.7186 | K428: 491.6475
A429: A9325 | B429: Cavalo mecânico 8 x 8, PBT 26.000 kg - 440 kW - motorista de veículo especial | C429: 4679988.8 | D429: 200.5709 | E429: 82.5015 | F429: 33.4285 | G429: 300.8564 | H429: 394.24 | I429: 27.0509 | J429: 1038.6482 | K429: 343.5518
A430: A9385 | B430: Conjunto de duas mesas de giro para quinta roda ou reboque com capacidade de 100 t cada | C430: 308439.71 | D430: 20.5626 | E430: 10.3083 | F430: 0 | G430: 23.133 | H430: 0 | I430: 0 | J430: 54.0039 | K430: 30.8709
A431: A9388 | B431: Dolly pneumático com capacidade de 60 t e 5 eixos | C431: 646557.47 | D431: 43.1038 | E431: 21.6085 | F431: 0 | G431: 48.4918 | H431: 0 | I431: 0 | J431: 113.2041 | K431: 64.7123
A432: A9389 | B432: Dolly pneumático com capacidade de 48 t e 4 eixos | C432: 524665.49 | D432: 34.9777 | E432: 17.5348 | F432: 0 | G432: 39.3499 | H432: 0 | I432: 0 | J432: 91.8624 | K432: 52.5125
A433: E9199 | B433: Caminhão com sistema de hidrojateamento de alta pressão e vácuo para limpeza e desobstrução de bueiros com capacidade total de 15.600 l - 188 kW | J433: 379.7001 | K433: 93.5539
A434: A9299 | B434: Equipamento com sistema de hidrojateamento de alta pressão e vácuo para limpeza e desobstrução de bueiros com diâmetro de até 1.500 mm com capacidade total de 15.600 l | C434: 401200 | D434: 16.048 | E434: 6.8074 | F434: 0 | G434: 16.048 | H434: 0 | I434: 0 | J434: 38.9034 | K434: 22.8554
A435: A9313 | B435: Caminhão plataforma 6 x 2, PBT 23.000 kg e distância entre eixos 5,4 m - 188 kW - motorista de veículo especial | C435: 645402.34 | D435: 27.6601 | E435: 11.3775 | F435: 4.61 | G435: 41.4902 | H435: 228.608 | I435: 27.0509 | J435: 340.7967 | K435: 70.6985
A436: E9201 | B436: Caminhão basculante para rocha com capacidade de 12 m³ - 188 kW com periculosidade | J436: 327.6702 | K436: 98.3706
A437: A9327 | B437: Caminhão plataforma 8 x 2 PBT 29.000 kg e distância entre eixos 4,8 m - 188 kW - motorista de veículo especial com periculosidade | C437: 705022.19 | D437: 30.2152 | E437: 12.4285 | F437: 5.0359 | G437: 45.3229 | H437: 168.448 | I437: 33.5343 | J437: 294.9848 | K437: 81.2139
A438: A9343 | B438: Caçamba basculante para rocha com capacidade de 12 m³ | C438: 182894.04 | D438: 13.8033 | E438: 3.3534 | F438: 0 | G438: 15.5287 | H438: 0 | I438: 0 | J438: 32.6854 | K438: 17.1567
A439: E9202 | B439: Plataforma pantográfica montada em caminhão - 115 kW com periculosidade | J439: 321.6871 | K439: 125.8149
A440: A9300 | B440: Caminhão plataforma 4 x 2, PBT 8.300 kg e distância entre eixos 3,7 m - 115 kW - motorista de veículo especial com periculosidade | C440: 357923.7 | D440: 15.3396 | E440: 6.3097 | F440: 2.5566 | G440: 23.0094 | H440: 139.84 | I440: 33.5343 | J440: 220.5896 | K440: 57.7402
A441: A9383 | B441: Plataforma pantográfica hidráulica montada sobre chassi com capacidade de 600 kg - com periculosidade | C441: 495341.58 | D441: 33.0228 | E441: 8.9141 | F441: 0 | G441: 33.0228 | H441: 0 | I441: 26.1378 | J441: 101.0975 | K441: 68.0747
A442: E9506 | B442: Caminhão basculante com capacidade de 6 m³ - 136 kW | J442: 192.5913 | K442: 66.3945
A443: A9307 | B443: Caminhão plataforma 4 x 2, PBT 16.000 kg e distância entre eixos 3,6 m - 136 kW - motorista de caminhão | C443: 523671.85 | D443: 22.4431 | E443: 9.2316 | F443: 3.7405 | G443: 33.6646 | H443: 87.04 | I443: 24.9114 | J443: 181.0312 | K443: 60.3266
A444: A9338 | B444: Caçamba basculante com capacidade de 6 m³ | C444: 64685.426 | D444: 4.8819 | E444: 1.186 | F444: 0 | G444: 5.4922 | H444: 0 | I444: 0 | J444: 11.5601 | K444: 6.0679
A445: E9508 | B445: Caminhão carroceria com capacidade de 9 t - 136 kW | J445: 188.0543 | K445: 64.1897
A446: A9309 | B446: Caminhão plataforma 4 x 2, PBT 16.000 kg e distância entre eixos 4,8 m - 136 kW - motorista de caminhão | C446: 532963.43 | D446: 22.8413 | E446: 9.3954 | F446: 3.8069 | G446: 34.2619 | H446: 87.04 | I446: 24.9114 | J446: 182.2569 | K446: 60.955
A447: A9350 | B447: Carroceria de madeira com capacidade de 9 t | C447: 37159.816 | D447: 2.5627 | E447: 0.672 | F447: 0 | G447: 2.5627 | H447: 0 | I447: 0 | J447: 5.7974 | K447: 3.2347
A448: E9509 | B448: Caminhão tanque distribuidor de asfalto com capacidade de 6.000 l - 7 kW/136 kW | J448: 282.384 | K448: 68.6292
A449: A9323 | B449: Caminhão plataforma 4 x 2, PBT 14.300 kg e distância entre eixos 4,8 m - 136 kW - condição de trabalho severa - motorista de caminhão | C449: 494604.18 | D449: 21.1973 | E449: 8.7192 | F449: 3.5329 | G449: 31.796 | H449: 165.376 | I449: 24.9114 | J449: 255.5328 | K449: 58.3608
A450: A9363 | B450: Tanque espargidor de asfalto com capacidade de 6.000 l - 7 kW | C450: 190570 | D450: 7.6228 | E450: 2.6456 | F450: 0 | G450: 7.6228 | H450: 8.96 | I450: 0 | J450: 26.8512 | K450: 10.2684
A451: E9520 | B451: Caminhão com caçamba térmica com capacidade de 6 m³ - 188 kW | J451: 292.4522 | K451: 76.2027
A452: A9311 | B452: Caminhão plataforma 6 x 2, PBT 23.000 kg e distância entre eixos 4,8 m - 188 kW - motorista de caminhão | C452: 636159.12 | D452: 27.264 | E452: 11.2146 | F452: 4.544 | G452: 40.8959 | H452: 168.448 | I452: 24.9114 | J452: 277.2779 | K452: 67.934
A453: A9339 | B453: Caçamba térmica com capacidade de 6 m³ | C453: 122766.27 | D453: 6.1383 | E453: 2.1304 | F453: 0 | G453: 6.9056 | H453: 0 | I453: 0 | J453: 15.1743 | K453: 8.2687
A454: E9571 | B454: Caminhão tanque com capacidade de 10.000 l - 188 kW | J454: 354.1815 | K454: 77.2762
A455: A9332 | B455: Caminhão plataforma 6 x 2, PBT 23.000 kg e distância entre eixos 4,8 m - 188 kW - condição de trabalho severa - motorista de caminhão | C455: 636159.12 | D455: 27.264 | E455: 11.2146 | F455: 4.544 | G455: 40.8959 | H455: 228.608 | I455: 24.9114 | J455: 337.4379 | K455: 67.934
A456: A9360 | B456: Tanque para transporte de água com capacidade de 10.000 l | C456: 107321 | D456: 7.4014 | E456: 1.9408 | F456: 0 | G456: 7.4014 | H456: 0 | I456: 0 | J456: 16.7436 | K456: 9.3422
A457: E9575 | B457: Caminhão basculante com caçamba estanque com capacidade de 14 m³ - 188 kW | J457: 304.2574 | K457: 83.0009
A458: A9317 | B458: Caminhão plataforma 8 x 2, PBT 29.000 kg e distância entre eixos 4,8 m - 188 kW - motorista de veículo especial | C458: 705022.19 | D458: 30.2152 | E458: 12.4285 | F458: 5.0359 | G458: 45.3229 | H458: 168.448 | I458: 27.0509 | J458: 288.5014 | K458: 74.7305
A459: A9345 | B459: Caçamba basculante estanque com capacidade de 14 m³ | C459: 88163.908 | D459: 6.6539 | E459: 1.6165 | F459: 0 | G459: 7.4856 | H459: 0 | I459: 0 | J459: 15.756 | K459: 8.2704
...

Sheet COMP EQUIP LOTE 01 E 02
J1: COM DESONERAÇÃO | O1: SEM DESONERAÇÃO
B2: CGCIT | J2: DNIT | O2: DNIT
B3: SISTEMA DE CUSTOS REFERENCIAIS DE OBRAS - SICRO | E3: Distrito Federal
B4: Custo Unitário de Referência | E4: Outubro/2022 | H4: Produção da equipe | I4: 0.86625 | J4: T
B5: 4915769M | C5: Trituração de galhos e troncos com diâmetro de até 350 mm (Trituradora 96,94 kW (129,99hp) e Caminhões basculante de 188 kW (252,11 hp) com capacidade de 14 m³, kit pesagem embarcada e Guindauto com capacidade de 10 t.m) | I5: Valores em reais (R$) | N5: Valores em reais (R$) | P5: t
B6: A - EQUIPAMENTOS | D6: Quantidade | E6: Utilização | G6: Custo Horário | J6: Custo | L6: Custo Horário | O6: Custo
E7: Operativa | F7: Improdutiva | G7: Produtivo | H7: Improdutivo | J7: Horário Total | L7: Produtivo | M7: Improdutivo | O7: Horário Total
B8: E9699M | C8: Trituradora de galhos e troncos rebocável com capacidade de até 350 mm de diâmetro com guincho - 96,94 kW (129,99hp) (Substituição do Operador de equipamento leve da SICRO (P9843) pelo Operador de máquinas e equipamentos com encargos complementares da SINAPI (88297)) | D8: 1 | E8: 1 | F8: 0 | G8: 194.4485 | H8: 64.1138 | J8: 194.4485 | L8: 196.5485 | M8: 66.2138 | O8: 196.5485
H9: Custo horário total de equipamentos | J9: 194.4485 | M9: Custo horário total de equipamentos | O9: 196.5485
B10: B - MÃO DE OBRA | D10: Quantidade | E10: Unidade | G10: Custo Horário | H10: Custo Horário Total | L10: Custo Horário | M10: Custo Horário Total
B11: 88316 | C11: SERVENTE COM ENCARGOS COMPLEMENTARES | D11: 1 | E11: H | G11: 19.46 | J11: 19.46 | L11: 21.29 | O11: 21.29
D12: Custo horário total de mão de obra | J12: 19.46 | L12: Custo horário total de mão de obra | O12: 21.29
D13: Custo horário total de execução | J13: 213.9085 | L13: Custo horário total de execução | O13: 217.8385
D14: Custo unitário de execução | J14: 246.93622 | L14: Custo unitário de execução | O14: 251.47302
H15: Custo do FIC | J15: 0 | M15: Custo do FIC | O15: 0
H16: Custo do FIT | J16: 0 | M16: Custo do FIT | O16: 0
B17: C - MATERIAL | D17: Quantidade | E17: Unidade | G17: Preço Unitário | H17: Custo Unitário | L17: Preço Unitário | M17: Custo Unitário
B18: M1754 | C18: Conjunto de lâminas de corte para trituradora de galhos e troncos | D18: 0.00015 | E18: un | G18: 3802.6853 | J18: 0.5704028 | L18: 3802.6853 | O18: 0.5704028
D19: Custo unitário total de material | J19: 0.5704028 | L19: Custo unitário total de material | O19: 0.5704028
B20: D - ATIVIDADES AUXILIARES | D20: Quantidade | E20: Unidade | G20: Custo Unitário | J20: Custo Unitário | M20: Custo Unitário | O20: Custo Unitário
B21: 5915459M | C21: Carga, manobra e descarga de agregados ou solos em caminhão basculante de 6 m³ - carga com minicarregadeira de 0,45 m³, 45,50 kW (61,01 hp) e descarga livre (EXCLUSIVE: caminhão basculante de 6 m³ ) | D21: 0 | E21: T | H21: 2.3501768 | J21: 0 | M21: 2.3898397 | O21: 0
D22: Custo total de atividades auxiliares | J22: 0 | L22: Custo total de atividades auxiliares | O22: 0
H23: Subtotal | J23: 247.50662 | M23: Subtotal | O23: 252.04342
B24: E - TEMPO FIXO | D24: Código | E24: Quantidade | F24: Unidade | H24: Custo Unitário | I24: Custo Unitário | M24: Custo Unitário | N24: Custo Unitário
B25: M3730M | C25: Material triturado - galhos e troncos - Caminhão basculante 14 m³ | D25: 5915441M | E25: 0.175 | F25: t | H25: 187.65582 | J25: 32.839769 | M25: 191.13585 | O25: 33.448774
D26: Custo unitário total de tempo fixo | J26: 32.839769 | L26: Custo unitário total de tempo fixo | O26: 33.448774
B27: F - MOMENTO DE TRANSPORTE | D27: Quantidade | E27: Unidade | F27: DMT | J27: Custo Unitário | M27: DMT | O27: Custo Unitário
F28: LN | G28: RP | H28: P | L28: LN | M28: RP | N28: P
B29: M3730 | C29: Material triturado - galhos e troncos - Caminhão basculante 14 m³ | D29: 0.175 | E29: tkm | F29: 5914314 | G29: 5914329 | H29: 5914344 | J29: 0 | L29: 5914314 | M29: 5914329 | N29: 5914344 | O29: 0
D30: Custo unitário total de transporte | L30: Custo unitário total de transporte
F31: Custo unitário direto total | J31: 280.34639 | L31: Custo unitário direto total | O31: 285.49219
B32: Obs. | C32: (t*) EMBORA NO SERVIÇO ORIGINAL SICRO/DNIT 4915769 A UNIDADE DE MEDIDA SEJA EM M3, CONVERTEMO-LO PARA TONELADA (t), OBEDECENDO O PRECONIZADO NA TABELA 09 - MASSAS ESPECÍFICAS REFERENCIAIS DOS MATERIAIS MAIS REPRESENTATIVOS, VOLUME 10, CONTEÚDO 11, PAG. 21, DO MANUAL DE CUSTOS DE INFRAESTRUTURA DE TRANSPORTE DO DNIT, QUE ESTIPULA A UTILIZAÇÃO DA MASSA ESPECÍFICA IGUAL A 1,000 PARA MATERIAL ORIUNDO DE DESMATAMENTO E DESTOCAMENTO, MADEIRA.
K36: COM DESONERAÇÃO | P36: SEM DESONERAÇÃO
B37: Custo Unitário de Referência | D37: Outubro/2022 (SICRO) - Fevereiro/2023 (SINAPI) | H37: Produção da equipe | I37: 1
B38: E9699M | C38: Trituradora de galhos e troncos rebocável com capacidade de até 350 mm de diâmetro com guincho - 96,94 kW (129,99hp) (Substituição do Operador de equipamento leve da SICRO (P9843) pelo Operador de máquinas e equipamentos com encargos complementares da SINAPI (88297)) | I38: Valores em reais (R$) | N38: Valores em reais (R$)
B39: A - EQUIPAMENTOS | D39: Quantidade | E39: Utilização | G39: Custo Horário | J39: Custo Horário | K39: Custo Horário | L39: Custo Horário | O39: Custo Horário | P39: Custo Horário
E40: Operativa | F40: Improdutiva | G40: Produtivo | H40: Improdutivo | J40: Total Produtivo | K40: Total Improdutivo | L40: Produtivo | M40: Improdutivo | O40: Total Produtivo | P40: Total Improdutivo
B41: E9699 | C41: Trituradora de galhos e troncos rebocável com capacidade de até 350 mm de diâmetro com guincho - 96,94 kW | D41: 1 | E41: 1 | F41: 0 | G41: 193.543 | H41: 0 | J41: 193.543 | K41: 0 | L41: 195.6375 | M41: 0 | O41: 195.6375 | P41: 0
H42: Custo horário total de equipamentos | J42: 193.543 | K42: 0 | L42: Custo horário total de equipamentos | O42: 195.6375 | P42: 0
B43: E9699 | C43: Trituradora de galhos e troncos rebocável com capacidade de até 350 mm de diâmetro com guincho - 96,94 kW | D43: 1 | E43: 0 | F43: 1 | G43: 0 | H43: 63.2083 | J43: 0 | K43: 63.2083 | L43: 0 | M43: 65.3028 | O43: 0 | P43: 65.3028
H44: Custo horário total de equipamentos | J44: 0 | K44: 63.2083 | L44: Custo horário total de equipamentos | O44: 0 | P44: 65.3028
B46: B - MÃO DE OBRA (SICRO) | D46: Quantidade | E46: Unidade | G46: Custo Horário | H46: Custo Horário Total | K46: Custo Horário Total | L46: Custo Horário | M46: Custo Horário Total | P46: Custo Horário Total
B47: P9843 | C47: Operador de equipamento leve | D47: 1 | E47: h | G47: 19.3145 | J47: 19.3145 | K47: 19.3145 | L47: 21.409 | O47: 21.409 | P47: 21.409
F48: Custo horário total de mão de obra | J48: 19.3145 | K48: 19.3145 | L48: Custo horário total de mão de obra | O48: 21.409 | P48: 21.409
B49: A.M - EQUIPAMENTOS - MÃO DE OBRA (B) (SICRO) | J49: 174.2285 | K49: 43.8938 | O49: 174.2285 | P49: 43.8938
B51: B.1 - MÃO DE OBRA (SINAPI) | D51: Quantidade | E51: Unidade | G51: Custo Horário | H51: Custo Horário Total | K51: Custo Horário Total | L51: Custo Horário | M51: Custo Horário Total | P51: Custo Horário Total
B52: 88297 | C52: OPERADOR DE MÁQUINAS E EQUIPAMENTOS COM ENCARGOS COMPLEMENTARES | D52: 1 | E52: H | G52: 20.22 | J52: 20.22 | K52: 20.22 | L52: 22.32 | O52: 22.32 | P52: 22.32
B53: A.M - EQUIPAMENTOS + MÃO DE OBRA (B.1) (SINAPI) | J53: 194.4485 | K53: 64.1138 | M53: 196.5485 | P53: 66.2138
D54: Custo horário total de execução | J54: 194.4485 | K54: 64.1138 | L54: Custo horário total de execução | O54: 196.5485 | P54: 66.2138
G55: Custo unitário de execução | J55: 194.4485 | K55: 64.1138 | L55: Custo unitário de execução | O55: 196.5485 | P55: 66.2138
H56: Custo do FIC | J56: 0 | K56: 0 | M56: Custo do FIC | O56: 0 | P56: 0
H57: Custo do FIT | J57: 0 | K57: 0 | M57: Custo do FIT | O57: 0 | P57: 0
B58: C - MATERIAL | D58: Quantidade | E58: Unidade | G58: Preço Unitário | J58: Custo Unitário | K58: Custo Unitário | M58: Preço Unitário | O58: Custo Unitário | P58: Custo Unitário
G59: Custo unitário total de material | J59: 0 | K59: 0 | L59: Custo unitário total de material | O59: 0 | P59: 0
B60: D - ATIVIDADES AUXILIARES | D60: Quantidade | E60: Unidade | G60: Custo Unitário | H60: Custo Unitário | K60: Custo Unitário | M60: Custo Unitário | P60: Custo Unitário
F61: Custo total de atividades auxiliares | J61: 0 | K61: 0 | L61: Custo total de atividades auxiliares | O61: 0 | P61: 0
H62: Subtotal | J62: 194.4485 | K62: 64.1138 | M62: Subtotal | O62: 196.5485 | P62: 66.2138
B63: E - TEMPO FIXO | D63: Código | E63: Quantidade | F63: Unidade | H63: Custo Unitário | I63: Custo Unitário | K63: Custo Unitário | M63: Custo Unitário | N63: Custo Unitário | P63: Custo Unitário
D64: Custo unitário total de tempo fixo | J64: 0 | K64: 0 | L64: Custo unitário total de tempo fixo | O64: 0 | P64: 0
B65: F - MOMENTO DE TRANSPORTE | D65: Quantidade | E65: Unidade | F65: DMT | J65: Custo Unitário | K65: Custo Unitário | L65: DMT | O65: Custo Unitário | P65: Custo Unitário
F66: LN | G66: RP | H66: P | L66: LN | M66: RP | N66: P
D67: Custo unitário total de transporte | J67: 0 | K67: 0 | L67: Custo unitário total de transporte | O67: 0 | P67: 0
F68: Custo unitário direto total | J68: 194.4485 | K68: 64.1138 | L68: Custo unitário direto total | O68: 196.5485 | P68: 66.2138
B69: Obs.
J70: COM DESONERAÇÃO | O70: SEM DESONERAÇÃO
B71: CGCIT | J71: DNIT | O71: DNIT
B72: SISTEMA DE CUSTOS REFERENCIAIS DE OBRAS - SICRO | E72: Distrito Federal
B73: Custo Unitário de Referência | E73: Outubro/2022 | H73: Produção da equipe | I73: 2.954 | J73: T
B74: 5915441M | C74: Carga, manobra e descarga de trituração de galhos e troncos em caminhão basculante de 14 m³ - carga com trituradora e descarga livre | I74: Valores em reais (R$) | N74: Valores em reais (R$)
B75: A - EQUIPAMENTOS | D75: Quantidade | E75: Utilização | G75: Custo Horário | J75: Custo | L75: Custo Horário | O75: Custo
E76: Operativa | F76: Improdutiva | G76: Produtivo | H76: Improdutivo | J76: Horário Total | L76: Produtivo | M76: Improdutivo | O76: Horário Total
B77: E9667M | C77: Caminhão basculante de 188 kW (252,11 hp) com capacidade de 14 m³, kit pesagem embarcada e guindauto com capacidade de 10 t.m (Substituição do Motorista de veúculo especial (P9871) pelo Motorista de caminhão e carreta com encargos complementares da SINAPI (88283)) | D77: 2 | E77: 0.67 | F77: 0.33 | G77: 354.90849 | H77: 119.33019 | J77: 554.3353 | L77: 360.04849 | M77: 124.47019 | O77: 564.6153
H78: Custo horário total de equipamentos | J78: 554.3353 | M78: Custo horário total de equipamentos | O78: 564.6153
B79: B - MÃO DE OBRA | D79: Quantidade | E79: Unidade | G79: Custo Horário | H79: Custo Horário Total | L79: Custo Horário | M79: Custo Horário Total
D80: Custo horário total de mão de obra | J80: 0 | L80: Custo horário total de mão de obra | O80: 0
D81: Custo horário total de execução | J81: 554.3353 | L81: Custo horáriode execução | O81: 564.6153
D82: Custo unitário de execução | J82: 187.65582 | L82: Custo unitário de execução | O82: 191.13585
H83: Custo do FIC | J83: 0 | M83: Custo do FIC | O83: 0
H84: Custo do FIT | J84: 0 | M84: Custo do FIT | O84: 0
B85: C - MATERIAL | D85: Quantidade | E85: Unidade | G85: Preço Unitário | J85: Custo Unitário | L85: Preço Unitário | O85: Custo Unitário
D86: Custo unitário total de material | J86: 0 | L86: Custo unitário total de material | O86: 0
B87: D - ATIVIDADES AUXILIARES | D87: Quantidade | E87: Unidade | G87: Custo Unitário | J87: Custo Unitário | L87: Custo Unitário | O87: Custo Unitário
D88: Custo total de atividades auxiliares | J88: 0 | L88: Custo total de atividades auxiliares | O88: 0
H89: Subtotal | J89: 187.65582 | M89: Subtotal | O89: 191.13585
B90: E - TEMPO FIXO | D90: Código | E90: Quantidade | F90: Unidade | H90: Custo Unitário | I90: Custo Unitário | M90: Custo Unitário | N90: Custo Unitário
D91: Custo unitário total de tempo fixo | J91: 0 | L91: Custo unitário total de tempo fixo | O91: 0
B92: F - MOMENTO DE TRANSPORTE | D92: Quantidade | E92: Unidade | F92: DMT | J92: Custo Unitário | L92: DMT | O92: Custo Unitário
F93: LN | G93: RP | H93: P | L93: LN | M93: RP | N93: P
D94: Custo unitário total de transporte | J94: 0 | L94: Custo unitário total de transporte | O94: 0
F95: Custo unitário direto total | J95: 187.65582 | L95: Custo unitário direto total | O95: 191.13585
B96: Obs.
K97: COM DESONERAÇÃO | P97: SEM DESONERAÇÃO
B98: Custo Unitário de Referência | D98: Outubro/2022 (SICRO) - Fevereiro/2023 (SINAPI) | H98: Produção da equipe | I98: 1
B99: E9667M | C99: Caminhão basculante de 188 kW (252,11 hp) com capacidade de 14 m³, kit pesagem embarcada e guindauto com capacidade de 10 t.m (Substituição do Motorista de veúculo especial (P9871) pelo Motorista de caminhão e carreta com encargos complementares da SINAPI (88283)) | I99: Valores em reais (R$) | N99: Valores em reais (R$)
B100: A - EQUIPAMENTOS | D100: Quantidade | E100: Utilização | G100: Custo Horário | J100: Custo Horário | K100: Custo Horário | L100: Custo Horário | O100: Custo Horário | P100: Custo Horário
E101: Operativa | F101: Improdutiva | G101: Produtivo | H101: Improdutivo | J101: Total Produtivo | K101: Total Improdutivo | L101: Produtivo | M101: Improdutivo | O101: Total Produtivo | P101: Total Improdutivo
B102: E9667M1 | C102: Caminhão basculante de 188 kW (252,11 hp) com capacidade de 14 m³, Kit pesagem embarcada e Guindauto com capacidade de 10 t.m | D102: 1 | E102: 1 | F102: 0 | G102: 353.07199 | H102: 0 | J102: 353.07199 | K102: 0 | L102: 358.03939 | M102: 0 | O102: 358.03939 | P102: 0
H103: Custo horário total de equipamentos | J103: 353.07199 | K103: 0 | L103: Custo horário total de equipamentos | O103: 358.03939 | P103: 0
B104: E9667M2 | C104: Caminhão basculante de 188 kW (252,11 hp) com capacidade de 14 m³, Kit pesagem embarcada e Guindauto com capacidade de 10 t.m | D104: 1 | E104: 0 | F104: 1 | G104: 0 | H104: 117.49369 | J104: 0 | K104: 117.49369 | L104: 0 | M104: 122.46109 | O104: 0 | P104: 122.46109
H105: Custo horário total de equipamentos | J105: 0 | K105: 117.49369 | L105: Custo horário total de equipamentos | O105: 0 | P105: 122.46109
...

Sheet COMP EQUIP LOTE 03, 04, 05, 06
J1: COM DESONERAÇÃO | O1: SEM DESONERAÇÃO
B2: CGCIT | J2: DNIT | O2: DNIT
B3: SISTEMA DE CUSTOS REFERENCIAIS DE OBRAS - SICRO | E3: Distrito Federal
B4: Custo Unitário de Referência | E4: Outubro/2022 | H4: Produção da equipe | I4: 1.44375 | J4: T
B5: 4915769M | C5: Trituração de galhos e troncos com diâmetro de até 350 mm (Trituradora 96,94 kW (129,99hp) e Caminhões basculante de 188 kW (252,11 hp) com capacidade de 14 m³, kit pesagem embarcada e Guindauto com capacidade de 10 t.m) | I5: Valores em reais (R$) | N5: Valores em reais (R$)
B6: A - EQUIPAMENTOS | D6: Quantidade | E6: Utilização | G6: Custo Horário | J6: Custo | L6: Custo Horário | O6: Custo
E7: Operativa | F7: Improdutiva | G7: Produtivo | H7: Improdutivo | J7: Horário Total | L7: Produtivo | M7: Improdutivo | O7: Horário Total
B8: E9699M | C8: Trituradora de galhos e troncos rebocável com capacidade de até 350 mm de diâmetro com guincho - 96,94 kW (129,99hp) (Substituição do Operador de equipamento leve da SICRO (P9843) pelo Operador de máquinas e equipamentos com encargos complementares da SINAPI (88297)) | D8: 1 | E8: 1 | F8: 0 | G8: 194.4485 | H8: 64.1138 | J8: 194.4485 | L8: 196.5485 | M8: 66.2138 | O8: 196.5485
H9: Custo horário total de equipamentos | J9: 194.4485 | M9: Custo horário total de equipamentos | O9: 196.5485
B10: B - MÃO DE OBRA | D10: Quantidade | E10: Unidade | G10: Custo Horário | H10: Custo Horário Total | L10: Custo Horário | M10: Custo Horário Total
B11: 88316 | C11: SERVENTE COM ENCARGOS COMPLEMENTARES | D11: 1 | E11: H | G11: 19.46 | J11: 19.46 | L11: 21.29 | O11: 21.29
D12: Custo horário total de mão de obra | J12: 19.46 | L12: Custo horário total de mão de obra | O12: 21.29
D13: Custo horário total de execução | J13: 213.9085 | L13: Custo horário total de execução | O13: 217.8385
D14: Custo unitário de execução | J14: 148.16173 | L14: Custo unitário de execução | O14: 150.88381
H15: Custo do FIC | J15: 0 | M15: Custo do FIC | O15: 0
H16: Custo do FIT | J16: 0 | M16: Custo do FIT | O16: 0
B17: C - MATERIAL | D17: Quantidade | E17: Unidade | G17: Preço Unitário | H17: Custo Unitário | L17: Preço Unitário | M17: Custo Unitário
B18: M1754 | C18: Conjunto de lâminas de corte para trituradora de galhos e troncos | D18: 0.00015 | E18: un | G18: 3802.6853 | J18: 0.5704028 | L18: 3802.6853 | O18: 0.5704028
D19: Custo unitário total de material | J19: 0.5704028 | L19: Custo unitário total de material | O19: 0.5704028
B20: D - ATIVIDADES AUXILIARES | D20: Quantidade | E20: Unidade | G20: Custo Unitário | J20: Custo Unitário | M20: Custo Unitário | O20: Custo Unitário
B21: 5915459M | C21: Carga, manobra e descarga de agregados ou solos em caminhão basculante de 6 m³ - carga com minicarregadeira de 0,45 m³, 45,50 kW (61,01 hp) e descarga livre (EXCLUSIVE: caminhão basculante de 6 m³ ) | D21: 0 | E21: T | H21: 2.3501768 | J21: 0 | M21: 2.3898397 | O21: 0
D22: Custo total de atividades auxiliares | J22: 0 | L22: Custo total de atividades auxiliares | O22: 0
H23: Subtotal | J23: 148.73213 | M23: Subtotal | O23: 151.45421
B24: E - TEMPO FIXO | D24: Código | E24: Quantidade | F24: Unidade | H24: Custo Unitário | I24: Custo Unitário | M24: Custo Unitário | N24: Custo Unitário
B25: M3730M | C25: Material triturado - galhos e troncos - Caminhão basculante 14 m³ | D25: 5915441M | E25: 0.175 | F25: t | H25: 187.65582 | J25: 32.839769 | M25: 191.13585 | O25: 33.448774
D26: Custo unitário total de tempo fixo | J26: 32.839769 | L26: Custo unitário total de tempo fixo | O26: 33.448774
B27: F - MOMENTO DE TRANSPORTE | D27: Quantidade | E27: Unidade | F27: DMT | J27: Custo Unitário | M27: DMT | O27: Custo Unitário
F28: LN | G28: RP | H28: P | L28: LN | M28: RP | N28: P
B29: M3730 | C29: Material triturado - galhos e troncos - Caminhão basculante 6 m³ | D29: 0.175 | E29: tkm | F29: 5914314 | G29: 5914329 | H29: 5914344 | J29: 0 | L29: 5914314 | M29: 5914329 | N29: 5914344 | O29: 0
D30: Custo unitário total de transporte | L30: Custo unitário total de transporte
F31: Custo unitário direto total | J31: 181.5719 | L31: Custo unitário direto total | O31: 184.90299
B32: Obs. | C32: (t*) EMBORA NO SERVIÇO ORIGINAL SICRO/DNIT 4915769 A UNIDADE DE MEDIDA SEJA EM M3, CONVERTEMO-LO PARA TONELADA (t), OBEDECENDO O PRECONIZADO NA TABELA 09 - MASSAS ESPECÍFICAS REFERENCIAIS DOS MATERIAIS MAIS REPRESENTATIVOS, VOLUME 10, CONTEÚDO 11, PAG. 21, DO MANUAL DE CUSTOS DE INFRAESTRUTURA DE TRANSPORTE DO DNIT, QUE ESTIPULA A UTILIZAÇÃO DA MASSA ESPECÍFICA IGUAL A 1,000 PARA MATERIAL ORIUNDO DE DESMATAMENTO E DESTOCAMENTO, MADEIRA.
K36: COM DESONERAÇÃO | P36: SEM DESONERAÇÃO
B37: Custo Unitário de Referência | D37: Outubro/2022 (SICRO) - Fevereiro/2023 (SINAPI) | H37: Produção da equipe | I37: 1
B38: E9699M | C38: Trituradora de galhos e troncos rebocável com capacidade de até 350 mm de diâmetro com guincho - 96,94 kW (129,99hp) (Substituição do Operador de equipamento leve da SICRO (P9843) pelo Operador de máquinas e equipamentos com encargos complementares da SINAPI (88297)) | I38: Valores em reais (R$) | N38: Valores em reais (R$)
B39: A - EQUIPAMENTOS | D39: Quantidade | E39: Utilização | G39: Custo Horário | J39: Custo Horário | K39: Custo Horário | L39: Custo Horário | O39: Custo Horário | P39: Custo Horário
E40: Operativa | F40: Improdutiva | G40: Produtivo | H40: Improdutivo | J40: Total Produtivo | K40: Total Improdutivo | L40: Produtivo | M40: Improdutivo | O40: Total Produtivo | P40: Total Improdutivo
B41: E9699 | C41: Trituradora de galhos e troncos rebocável com capacidade de até 350 mm de diâmetro com guincho - 96,94 kW | D41: 1 | E41: 1 | F41: 0 | G41: 193.543 | H41: 0 | J41: 193.543 | K41: 0 | L41: 195.6375 | M41: 0 | O41: 195.6375 | P41: 0
H42: Custo horário total de equipamentos | J42: 193.543 | K42: 0 | L42: Custo horário total de equipamentos | O42: 195.6375 | P42: 0
B43: E9699 | C43: Trituradora de galhos e troncos rebocável com capacidade de até 350 mm de diâmetro com guincho - 96,94 kW | D43: 1 | E43: 0 | F43: 1 | G43: 0 | H43: 63.2083 | J43: 0 | K43: 63.2083 | L43: 0 | M43: 65.3028 | O43: 0 | P43: 65.3028
H44: Custo horário total de equipamentos | J44: 0 | K44: 63.2083 | L44: Custo horário total de equipamentos | O44: 0 | P44: 65.3028
B46: B - MÃO DE OBRA (SICRO) | D46: Quantidade | E46: Unidade | G46: Custo Horário | H46: Custo Horário Total | K46: Custo Horário Total | L46: Custo Horário | M46: Custo Horário Total | P46: Custo Horário Total
B47: P9843 | C47: Operador de equipamento leve | D47: 1 | E47: h | G47: 19.3145 | J47: 19.3145 | K47: 19.3145 | L47: 21.409 | O47: 21.409 | P47: 21.409
F48: Custo horário total de mão de obra | J48: 19.3145 | K48: 19.3145 | L48: Custo horário total de mão de obra | O48: 21.409 | P48: 21.409
B49: A.M - EQUIPAMENTOS - MÃO DE OBRA (B) (SICRO) | J49: 174.2285 | K49: 43.8938 | O49: 174.2285 | P49: 43.8938
B51: B.1 - MÃO DE OBRA (SINAPI) | D51: Quantidade | E51: Unidade | G51: Custo Horário | H51: Custo Horário Total | K51: Custo Horário Total | L51: Custo Horário | M51: Custo Horário Total | P51: Custo Horário Total
B52: 88297 | C52: OPERADOR DE MÁQUINAS E EQUIPAMENTOS COM ENCARGOS COMPLEMENTARES | D52: 1 | E52: H | G52: 20.22 | J52: 20.22 | K52: 20.22 | L52: 22.32 | O52: 22.32 | P52: 22.32
B53: A.M - EQUIPAMENTOS + MÃO DE OBRA (B.1) (SINAPI) | J53: 194.4485 | K53: 64.1138 | M53: 196.5485 | P53: 66.2138
D54: Custo horário total de execução | J54: 194.4485 | K54: 64.1138 | L54: Custo horário total de execução | O54: 196.5485 | P54: 66.2138
G55: Custo unitário de execução | J55: 194.4485 | K55: 64.1138 | L55: Custo unitário de execução | O55: 196.5485 | P55: 66.2138
H56: Custo do FIC | J56: 0 | K56: 0 | M56: Custo do FIC | O56: 0 | P56: 0
H57: Custo do FIT | J57: 0 | K57: 0 | M57: Custo do FIT | O57: 0 | P57: 0
B58: C - MATERIAL | D58: Quantidade | E58: Unidade | G58: Preço Unitário | J58: Custo Unitário | K58: Custo Unitário | M58: Preço Unitário | O58: Custo Unitário | P58: Custo Unitário
G59: Custo unitário total de material | J59: 0 | K59: 0 | L59: Custo unitário total de material | O59: 0 | P59: 0
B60: D - ATIVIDADES AUXILIARES | D60: Quantidade | E60: Unidade | G60: Custo Unitário | H60: Custo Unitário | K60: Custo Unitário | M60: Custo Unitário | P60: Custo Unitário
F61: Custo total de atividades auxiliares | J61: 0 | K61: 0 | L61: Custo total de atividades auxiliares | O61: 0 | P61: 0
H62: Subtotal | J62: 194.4485 | K62: 64.1138 | M62: Subtotal | O62: 196.5485 | P62: 66.2138
B63: E - TEMPO FIXO | D63: Código | E63: Quantidade | F63: Unidade | H63: Custo Unitário | I63: Custo Unitário | K63: Custo Unitário | M63: Custo Unitário | N63: Custo Unitário | P63: Custo Unitário
D64: Custo unitário total de tempo fixo | J64: 0 | K64: 0 | L64: Custo unitário total de tempo fixo | O64: 0 | P64: 0
B65: F - MOMENTO DE TRANSPORTE | D65: Quantidade | E65: Unidade | F65: DMT | J65: Custo Unitário | K65: Custo Unitário | L65: DMT | O65: Custo Unitário | P65: Custo Unitário
F66: LN | G66: RP | H66: P | L66: LN | M66: RP | N66: P
D67: Custo unitário total de transporte | J67: 0 | K67: 0 | L67: Custo unitário total de transporte | O67: 0 | P67: 0
F68: Custo unitário direto total | J68: 194.4485 | K68: 64.1138 | L68: Custo unitário direto total | O68: 196.5485 | P68: 66.2138
B69: Obs.
J70: COM DESONERAÇÃO | O70: SEM DESONERAÇÃO
B71: CGCIT | J71: DNIT | O71: DNIT
B72: SISTEMA DE CUSTOS REFERENCIAIS DE OBRAS - SICRO | E72: Distrito Federal
B73: Custo Unitário de Referência | E73: Outubro/2022 | H73: Produção da equipe | I73: 2.954 | J73: T
B74: 5915441M | C74: Carga, manobra e descarga de trituração de galhos e troncos em caminhão basculante de 14 m³ - carga com trituradora e descarga livre | I74: Valores em reais (R$) | N74: Valores em reais (R$)
B75: A - EQUIPAMENTOS | D75: Quantidade | E75: Utilização | G75: Custo Horário | J75: Custo | L75: Custo Horário | O75: Custo
E76: Operativa | F76: Improdutiva | G76: Produtivo | H76: Improdutivo | J76: Horário Total | L76: Produtivo | M76: Improdutivo | O76: Horário Total
B77: E9667M | C77: Caminhão basculante de 188 kW (252,11 hp) com capacidade de 14 m³, kit pesagem embarcada e guindauto com capacidade de 10 t.m (Substituição do Motorista de veículo especial (P9871) pelo Motorista de caminhão e carreta com encargos complementares da SINAPI (88283)) | D77: 2 | E77: 0.67 | F77: 0.33 | G77: 354.90849 | H77: 119.33019 | J77: 554.3353 | L77: 360.04849 | M77: 124.47019 | O77: 564.6153
H78: Custo horário total de equipamentos | J78: 554.3353 | M78: Custo horário total de equipamentos | O78: 564.6153
B79: B - MÃO DE OBRA | D79: Quantidade | E79: Unidade | G79: Custo Horário | H79: Custo Horário Total | L79: Custo Horário | M79: Custo Horário Total
D80: Custo horário total de mão de obra | J80: 0 | L80: Custo horário total de mão de obra | O80: 0
D81: Custo horário total de execução | J81: 554.3353 | L81: Custo horáriode execução | O81: 564.6153
D82: Custo unitário de execução | J82: 187.65582 | L82: Custo unitário de execução | O82: 191.13585
H83: Custo do FIC | J83: 0 | M83: Custo do FIC | O83: 0
H84: Custo do FIT | J84: 0 | M84: Custo do FIT | O84: 0
B85: C - MATERIAL | D85: Quantidade | E85: Unidade | G85: Preço Unitário | J85: Custo Unitário | L85: Preço Unitário | O85: Custo Unitário
D86: Custo unitário total de material | J86: 0 | L86: Custo unitário total de material | O86: 0
B87: D - ATIVIDADES AUXILIARES | D87: Quantidade | E87: Unidade | G87: Custo Unitário | J87: Custo Unitário | L87: Custo Unitário | O87: Custo Unitário
D88: Custo total de atividades auxiliares | J88: 0 | L88: Custo total de atividades auxiliares | O88: 0
H89: Subtotal | J89: 187.65582 | M89: Subtotal | O89: 191.13585
B90: E - TEMPO FIXO | D90: Código | E90: Quantidade | F90: Unidade | H90: Custo Unitário | I90: Custo Unitário | M90: Custo Unitário | N90: Custo Unitário
D91: Custo unitário total de tempo fixo | J91: 0 | L91: Custo unitário total de tempo fixo | O91: 0
B92: F - MOMENTO DE TRANSPORTE | D92: Quantidade | E92: Unidade | F92: DMT | J92: Custo Unitário | L92: DMT | O92: Custo Unitário
F93: LN | G93: RP | H93: P | L93: LN | M93: RP | N93: P
D94: Custo unitário total de transporte | J94: 0 | L94: Custo unitário total de transporte | O94: 0
F95: Custo unitário direto total | J95: 187.65582 | L95: Custo unitário direto total | O95: 191.13585
B96: Obs.
K97: COM DESONERAÇÃO | P97: SEM DESONERAÇÃO
B98: Custo Unitário de Referência | D98: Outubro/2022 (SICRO) - Fevereiro/2023 (SINAPI) | H98: Produção da equipe | I98: 1
B99: E9667M | C99: Caminhão basculante de 188 kW (252,11 hp) com capacidade de 14 m³, kit pesagem embarcada e guindauto com capacidade de 10 t.m (Substituição do Motorista de veículo especial (P9871) pelo Motorista de caminhão e carreta com encargos complementares da SINAPI (88283)) | I99: Valores em reais (R$) | N99: Valores em reais (R$)
B100: A - EQUIPAMENTOS | D100: Quantidade | E100: Utilização | G100: Custo Horário | J100: Custo Horário | K100: Custo Horário | L100: Custo Horário | O100: Custo Horário | P100: Custo Horário
E101: Operativa | F101: Improdutiva | G101: Produtivo | H101: Improdutivo | J101: Total Produtivo | K101: Total Improdutivo | L101: Produtivo | M101: Improdutivo | O101: Total Produtivo | P101: Total Improdutivo
B102: E9667M1 | C102: Caminhão basculante de 188 kW (252,11 hp) com capacidade de 14 m³, Kit pesagem embarcada e Guindauto com capacidade de 10 t.m | D102: 1 | E102: 1 | F102: 0 | G102: 353.07199 | H102: 0 | J102: 353.07199 | K102: 0 | L102: 358.03939 | M102: 0 | O102: 358.03939 | P102: 0
H103: Custo horário total de equipamentos | J103: 353.07199 | K103: 0 | L103: Custo horário total de equipamentos | O103: 358.03939 | P103: 0
B104: E9667M2 | C104: Caminhão basculante de 188 kW (252,11 hp) com capacidade de 14 m³, Kit pesagem embarcada e Guindauto com capacidade de 10 t.m | D104: 1 | E104: 0 | F104: 1 | G104: 0 | H104: 117.49369 | J104: 0 | K104: 117.49369 | L104: 0 | M104: 122.46109 | O104: 0 | P104: 122.46109
H105: Custo horário total de equipamentos | J105: 0 | K105: 117.49369 | L105: Custo horário total de equipamentos | O105: 0 | P105: 122.46109
...

Sheet COM DESONERAÇÃO
A4: Nº da estimativa: | D4: DPJ 005/2023 Com desoneração | I4: Data: | J4: 45142
A5: Interessado: | D5: Companhia Urbanizadora da Nova Capital do Brasil - NOVACAP - CNPJ/MF 00.037.457/0001-70, Processo SEI: 00112-00025752/2022-67 | I5: B.D.I.: | J5: 0.2882
A6: Objeto: | D6: Contratação de empresa(s) especializada(s) na realização dos serviços de coleta, trituração e transporte de resíduos de origem vegetal gerados em ambiente urbano nos âmbito do Distrito Federal, por meio do sistema de registro de preço. | J6: COM DESONERAÇÃO
A7: Locais: | D7: Regiões Administrativas do Distrito Federal | I7: Data Base: | J7: SINAPI-Fevereiro/2023 SICRO-Outubro/2022
A9: QUANTITATIVOS E DESCRIÇÕES DOS SERVIÇOS PARA OS 06 (SEIS) LOTES, SENDO 03 (TRÊS) PARA AMPLA CONCORRÊNCIA E 03 (TRÊS) RESERVADO PARA PEQUENAS EMPRESAS), ver Estudo Técnico Preliminar NOVACAP/PRES/DU/DPJ (109041926) e Elementos Técnicos para Licitação 2 (110765023).
A11: 1 | B11: LOTE 01 | C11: Coleta, trituração e transporte de resíduos de origem vegetal gerados em ambiente urbano das Regiões Administrativas: Plano Piloto (RA I), Cruzeiro (RA XI), Octogonal / Sudoeste (RA XXII), Setor de Armazenamento e Abastecimento Norte - SAAN, Setor de Indústria e Abastecimento – SIA (RA XXIX), Vila Planalto, Lago Norte (RA XVIII), Varjão (RA XXIII), Granja do Torto e Taquari.
A12: 1.1 - | B12: AMPLA CONCORRÊNCIA
E13: Quantidade (T), conforme documento SEI nº 109041926 | J13: 690
E14: DMT (Km),conforme documento SEI nº 109077546 | J14: 9.9
A15: 1.1.1 | B15: Coleta e trituração
A16: Item | B16: Código | C16: Origem | D16: Descrição | E16: Unid. | F16: Quant. | G16: Custo unitário | H16: Custo unitário com BDI | I16: Custo Total Item | J16: Custo Total Item com BDI
A17: 01 | B17: 4915769M | C17: Composição DIOC/DPJ | D17: Trituração de galhos e troncos com diâmetro de até 350 mm (Trituradora 96,94 kW (129,99hp) e Caminhões basculante de 188 kW (252,11 hp) com capacidade de 14 m³, kit pesagem embarcada e Guindauto com capacidade de 10 t.m) | E17: T | F17: 690 | G17: 280.34639 | H17: 361.14222 | I17: 193439.01 | J17: 249188.13
A18: 02 | B18: 5915441M | C18: Composição DIOC/DPJ | D18: Carga, manobra e descarga de trituração de galhos e troncos em caminhão basculante de 14 m³ - carga com trituradora e descarga livre | E18: T | F18: 690 | G18: 187.65582 | H18: 241.73823 | I18: 129482.52 | J18: 166799.38
H19: Sub-total | I19: 322921.53 | J19: 415987.51
A21: OBS: | B21: A EMPRESA VENCEDORA DEVERÁ APRESENTAR DADOS RELATIVOS DA CONTRATADA QUE FORNECEU O SISTEMA DE PESAGEM EMBARCADA
A23: 1.1.2 | B23: Bota-fora de material
A24: Item | B24: Código | C24: Origem | D24: Descrição | E24: Unid. | F24: Quant. | G24: Custo unitário | H24: Custo unitário com BDI | I24: Custo Total Item | J24: Custo Total Item com BDI
A25: 01 | B25: 95879 | C25: SINAPI | D25: TRANSPORTE COM CAMINHÃO BASCULANTE DE 14 M³, EM VIA URBANA PAVIMENTADA, DMT ATÉ 30 KM (UNIDADE: TXKM). AF_07/2020 | E25: TXKM | F25: 6831 | G25: 1.35 | H25: 1.73907 | I25: 9221.85 | J25: 11879.587
H26: Sub-total | I26: 9221.85 | J26: 11879.587
A28: OBS: | B28: QUANTIDADE = TXKM > TXDMT > 690 X 9,9 = 6.831,00
A30: 1.1.3 | B30: Gerenciamento
A31: Item | B31: Código | C31: Origem | D31: Descrição | E31: Unid. | F31: Quant. | G31: Custo unitário | H31: Custo unitário com BDI | I31: Custo Total Item | J31: Custo Total Item com BDI
A32: 01 | B32: 7119788M | C32: Composição DIOC/DPJ | D32: Veículo leve - 53 kW (71,07 hp/72,06 cv) - Administração local do Estaleiro Padrão (EXCLUSIVE: Veículo leve picape 4 x 4 com capacidade de 1,10 t - 147 kW e mãos de obra: Almoxarife, Auxiliar administrativo, Auxiliar técnico, Chefe setor de finanças, Comprador, Copeiro, Desenhista, Encarregado de turma, Encarregado geral, Engenheiro, Engenheiro chefe, Faxineiro, Médico do trabalho, Operacional, Recepcionista, Secretária, Técnico da qualidade, Técnico de meio ambiente, Técnico de segurança do trabalho e Vigia ) | E32: MÊS | F32: 1 | G32: 2250 | H32: 2898.45 | I32: 2250 | J32: 2898.45
H33: Sub-total | I33: 2250 | J33: 2898.45
A35: 1.1.4 | B35: Telemetria
A36: Item | B36: Código | C36: Origem | D36: Descrição | E36: Unid. | F36: Quant. | G36: Custo unitário | H36: Custo unitário com BDI | I36: Custo Total Item | J36: Custo Total Item com BDI
A37: 01 | B37: Sistema | C37: Cotação | D37: Sistema de monitoramento de veículo - TELEMETRIA | E37: MES | F37: 8 | G37: 75.725 | H37: 97.548945 | I37: 605.8 | J37: 780.39156
H38: Sub-total | I38: 605.8 | J38: 780.39156
A40: OBS: | B40: A EMPRESA VENCEDORA DEVERÁ APRESENTAR DADOS RELATIVOS À CONTRATADA PARA PRESTAÇÃO DO SERVIÇO DE TELEMETRIA
A42: 1.1.5 | B42: Equipamentos Portáteis
A43: Item | B43: Código | C43: Origem | D43: Descrição | E43: Unid. | F43: Quant. | G43: Custo unitário | H43: Custo unitário com BDI | I43: Custo Total Item | J43: Custo Total Item com BDI
A44: 01 | B44: Aparelho | C44: Cotação | D44: Aparelho Celular - 256GB ROM | E44: UN | F44: 1 | G44: 166.58333 | H44: 214.59265 | I44: 166.58333 | J44: 214.59265
A45: 02 | B45: Plano | C45: Cotação | D45: Plano de dados para telefone celular com no mínimo 20GB | E45: MES | F45: 1 | G45: 51.99 | H45: 66.973518 | I45: 51.99 | J45: 66.973518
H46: Sub-total | I46: 218.57333 | J46: 281.56617
A48: OBS: | B48: O CUSTO DO APARELHO CELULAR CONSIDEROU O MENOR PREÇO APURADO NO MERCADO DIVIDIDO PELO INTERSTÍCIO CONTRATUAL , ISTO É : R$ 1.999,00 /12 = R$ 166,5833/MÊS, VIDE DOC SEI (114239413)
A50: 1.1.6 | B50: Administração Local
A51: Item | B51: Código | C51: Origem | D51: Descrição | E51: Unid. | F51: Quant. | G51: Custo unitário | H51: Custo unitário com BDI | I51: Custo Total Item | J51: Custo Total Item com BDI
A52: 01 | B52: 101452 | C52: SINAPI | D52: SERVENTE DE OBRAS COM ENCARGOS COMPLEMENTARES | E52: MES | F52: 8 | G52: 3534.87 | H52: 4553.6195 | I52: 28278.96 | J52: 36428.956
A53: 02 | B53: 93572 | C53: SINAPI | D53: ENCARREGADO GERAL DE OBRAS COM ENCARGOS COMPLEMENTARES | E53: MES | F53: 1 | G53: 3617.92 | H53: 4660.6045 | I53: 3617.92 | J53: 4660.6045
H54: Sub-total | I54: 31896.88 | J54: 41089.561
A56: 1.1.7 | B56: Diversos
A57: Item | B57: Código | C57: Origem | D57: Descrição | E57: Unid. | F57: Quant. | G57: Custo unitário | H57: Custo unitário com BDI | I57: Custo Total Item | J57: Custo Total Item com BDI
A58: 01 | B58: 34498 | C58: SINAPI | D58: CONE DE SINALIZACAO EM PVC FLEXIVEL, H = 70 / 76 CM (NBR 15071) | E58: UN | F58: 16 | G58: 8.3141667 | H58: 10.71031 | I58: 133.02667 | J58: 171.36495
A59: 02 | B59: Manta | C59: Cotação | D59: Manta magnética 30 x25cm (Impressão em adesivo vinil fosco aplicado no imantado refilado) | E59: UN | F59: 26 | G59: 1.71915 | H59: 2.214609 | I59: 44.6979 | J59: 57.579835
A60: 03 | B60: Saúde | C60: SindLurb ACT 2022/2023 | D60: Auxílio saúde - Plano Ambulatorial | E60: MES | F60: 33 | G60: 160 | H60: 206.112 | I60: 5280 | J60: 6801.696
H61: Sub-total | I61: 5457.7246 | J61: 7030.6408
A63: OBS: | B63: O CUSTO DO INSUMO MANTA MAGNÉTICA CONSIDEROU O MENOR PREÇO APURADO NO MERCADO DIVIDIDO PELO INTERSTÍCIO CONTRATUAL , ISTO É : R$ 20,6298 /12 = R$ 1,7192/MÊS, VIDE DOC SEI (114253805)
B65: Resumo do Lote
C67: 1.1.1 | D67: Coleta e trituração | F67: 322921.53
C68: 1.1.2 | D68: Bota-fora de material | F68: 9221.85
C69: 1.1.3 | D69: Gerenciamento | F69: 2250
C70: 1.1.4 | D70: Telemetria | F70: 605.8
C71: 1.1.5 | D71: Equipamentos Portáteis | F71: 218.57333
C72: 1.1.6 | D72: Administração Local | F72: 31896.88
C73: 1.1.7 | D73: Diversos | F73: 5457.7246
D75: SUBTOTAL | F75: 372572.36
D76: BDI | E76: 0.2882 | F76: 107375.35
D77: TOTAL MENSAL DO LOTE | F77: 479947.71
D78: TOTAL ANUAL DO LOTE | F78: 5759372.5
D79: TOTAL POR TONELADA | F79: 695.57639
A81: 2 | B81: LOTE 02 | C81: Coleta, trituração e transporte de resíduos de origem vegetal gerados em ambiente urbano das Regiões Administrativas: Plano Piloto (RA I), Cruzeiro (RA XI), Octogonal / Sudoeste (RA XXII), Setor de Armazenamento e Abastecimento Norte - SAAN, Setor de Indústria e Abastecimento – SIA (RA XXIX), Vila Planalto, Lago Norte (RA XVIII), Varjão (RA XXIII), Granja do Torto e Taquari.
A82: 2.1 - | B82: RESERVADO PARTICIPAÇÃO DE PEQUENAS EMPRESAS
E83: Quantidade (T), conforme documento SEI nº 109041926 | J83: 140
E84: DMT (Km),conforme documento SEI nº 109077546 | J84: 9.9
A85: 2.1.1 | B85: Coleta e trituração
A86: Item | B86: Código | C86: Origem | D86: Descrição | E86: Unid. | F86: Quant. | G86: Custo unitário | H86: Custo unitário com BDI | I86: Custo Total Item | J86: Custo Total Item com BDI
A87: 01 | B87: 4915769M | C87: Composição DIOC/DPJ | D87: Trituração de galhos e troncos com diâmetro de até 350 mm (Trituradora 96,94 kW (129,99hp) e Caminhões basculante de 188 kW (252,11 hp) com capacidade de 14 m³, kit pesagem embarcada e Guindauto com capacidade de 10 t.m) | E87: T | F87: 140 | G87: 280.34639 | H87: 361.14222 | I87: 39248.495 | J87: 50559.911
A88: 02 | B88: 5915441M | C88: Composição DIOC/DPJ | D88: Carga, manobra e descarga de trituração de galhos e troncos em caminhão basculante de 14 m³ - carga com trituradora e descarga livre | E88: T | F88: 140 | G88: 187.65582 | H88: 241.73823 | I88: 26271.815 | J88: 33843.352
H89: Sub-total | I89: 65520.31 | J89: 84403.263
A91: 2.1.2 | B91: Bota-fora de material
A92: Item | B92: Código | C92: Origem | D92: Descrição | E92: Unid. | F92: Quant. | G92: Custo unitário | H92: Custo unitário com BDI | I92: Custo Total Item | J92: Custo Total Item com BDI
A93: 01 | B93: 95879 | C93: SINAPI | D93: TRANSPORTE COM CAMINHÃO BASCULANTE DE 14 M³, EM VIA URBANA PAVIMENTADA, DMT ATÉ 30 KM (UNIDADE: TXKM). AF_07/2020 | E93: TXKM | F93: 1386 | G93: 1.35 | H93: 1.73907 | I93: 1871.1 | J93: 2410.351
H94: Sub-total | I94: 1871.1 | J94: 2410.351
A96: OBS: | B96: QUANTIDADE = TXKM > TXDMT > 140 X 9,9 =1.386,00
A98: 2.1.3 | B98: Gerenciamento
A99: Item | B99: Código | C99: Origem | D99: Descrição | E99: Unid. | F99: Quant. | G99: Custo unitário | H99: Custo unitário com BDI | I99: Custo Total Item | J99: Custo Total Item com BDI
A100: 01 | B100: 7119788M | C100: Composição DIOC/DPJ | D100: Veículo leve - 53 kW (71,07 hp/72,06 cv) - Administração local do Estaleiro Padrão (EXCLUSIVE: Veículo leve picape 4 x 4 com capacidade de 1,10 t - 147 kW e mãos de obra: Almoxarife, Auxiliar administrativo, Auxiliar técnico, Chefe setor de finanças, Comprador, Copeiro, Desenhista, Encarregado de turma, Encarregado geral, Engenheiro, Engenheiro chefe, Faxineiro, Médico do trabalho, Operacional, Recepcionista, Secretária, Técnico da qualidade, Técnico de meio ambiente, Técnico de segurança do trabalho e Vigia ) | E100: MÊS | F100: 1 | G100: 2250 | H100: 2898.45 | I100: 2250 | J100: 2898.45
H101: Sub-total | I101: 2250 | J101: 2898.45
A103: 2.1.4 | B103: Telemetria
A104: Item | B104: Código | C104: Origem | D104: Descrição | E104: Unid. | F104: Quant. | G104: Custo unitário | H104: Custo unitário com BDI | I104: Custo Total Item | J104: Custo Total Item com BDI
A105: 01 | B105: Sistema | C105: Cotação | D105: Sistema de monitoramento de veículo - TELEMETRIA | E105: MES | F105: 4 | G105: 75.725 | H105: 97.548945 | I105: 302.9 | J105: 390.19578
H106: Sub-total | I106: 302.9 | J106: 390.19578
A108: OBS: | B108: A EMPRESA VENCEDORA DEVERÁ APRESENTAR DADOS RELATIVOS À CONTRATADA PARA PRESTAÇÃO DO SERVIÇO DE TELEMETRIA
A110: 2.1.5 | B110: Equipamentos Portáteis
A111: Item | B111: Código | C111: Origem | D111: Descrição | E111: Unid. | F111: Quant. | G111: Custo unitário | H111: Custo unitário com BDI | I111: Custo Total Item | J111: Custo Total Item com BDI
A112: 01 | B112: Aparelho | C112: Cotação | D112: Aparelho Celular - 256GB ROM | E112: UN | F112: 1 | G112: 166.58333 | H112: 214.59265 | I112: 166.58333 | J112: 214.59265
A113: 02 | B113: Plano | C113: Cotação | D113: Plano de dados para telefone celular com no mínimo 20GB | E113: MES | F113: 1 | G113: 51.99 | H113: 66.973518 | I113: 51.99 | J113: 66.973518
H114: Sub-total | I114: 218.57333 | J114: 281.56617
A116: OBS: | B116: O CUSTO DO APARELHO CELULAR CONSIDEROU O MENOR PREÇO APURADO NO MERCADO DIVIDIDO PELO INTERSTÍCIO CONTRATUAL , ISTO É : R$ 1.999,00 /12 = R$ 166,5833/MÊS, VIDE DOC SEI (114239413)
A118: 2.1.6 | B118: Administração Local
A119: Item | B119: Código | C119: Origem | D119: Descrição | E119: Unid. | F119: Quant. | G119: Custo unitário | H119: Custo unitário com BDI | I119: Custo Total Item | J119: Custo Total Item com BDI
A120: 01 | B120: 101452 | C120: SINAPI | D120: SERVENTE DE OBRAS COM ENCARGOS COMPLEMENTARES | E120: MES | F120: 4 | G120: 3534.87 | H120: 4553.6195 | I120: 14139.48 | J120: 18214.478
A121: 02 | B121: 93572 | C121: SINAPI | D121: ENCARREGADO GERAL DE OBRAS COM ENCARGOS COMPLEMENTARES | E121: MES | F121: 1 | G121: 3617.92 | H121: 4660.6045 | I121: 3617.92 | J121: 4660.6045
H122: Sub-total | I122: 17757.4 | J122: 22875.083
A124: 2.1.7 | B124: Diversos
A125: Item | B125: Código | C125: Origem | D125: Descrição | E125: Unid. | F125: Quant. | G125: Custo unitário | H125: Custo unitário com BDI | I125: Custo Total Item | J125: Custo Total Item com BDI
A126: 01 | B126: 34498 | C126: SINAPI | D126: CONE DE SINALIZACAO EM PVC FLEXIVEL, H = 70 / 76 CM (NBR 15071) | E126: UN | F126: 8 | G126: 8.3141667 | H126: 10.71031 | I126: 66.513333 | J126: 85.682476
A127: 02 | B127: Manta | C127: Cotação | D127: Manta magnética 30 x25cm (Impressão em adesivo vinil fosco aplicado no imantado refilado) | E127: UN | F127: 14 | G127: 1.71915 | H127: 2.214609 | I127: 24.0681 | J127: 31.004526
A128: 03 | B128: Saúde | C128: SindLurb ACT 2022/2023 | D128: Auxílio saúde - Plano Ambulatorial | E128: MES | F128: 17 | G128: 160 | H128: 206.112 | I128: 2720 | J128: 3503.904
H129: Sub-total | I129: 2810.5814 | J129: 3620.591
...

Sheet SEM DESONERAÇÃO
A4: Nº da estimativa: | D4: DPJ 006/2023 Sem desoneração | I4: Data: | J4: 45142
A5: Interessado: | D5: Companhia Urbanizadora da Nova Capital do Brasil - NOVACAP - CNPJ/MF 00.037.457/0001-70, Processo SEI: 00112-00025752/2022-67 | I5: B.D.I.: | J5: 0.2247
A6: Objeto: | D6: Contratação de empresa(s) especializada(s) na realização dos serviços de coleta, trituração e transporte de resíduos de origem vegetal gerados em ambiente urbano nos âmbito do Distrito Federal, por meio do sistema de registro de preço. | J6: SEM DESONERAÇÃO
A7: Locais: | D7: Regiões Administrativas do Distrito Federal | I7: Data Base: | J7: SINAPI-Fevereiro/2023 SICRO-Outubro/2022
A9: QUANTITATIVOS E DESCRIÇÕES DOS SERVIÇOS PARA OS 06 (SEIS) LOTES, SENDO 03 (TRÊS) PARA AMPLA CONCORRÊNCIA E 03 (TRÊS) RESERVADO PARA PEQUENAS EMPRESAS), ver Estudo Técnico Preliminar NOVACAP/PRES/DU/DPJ (109041926) e Elementos Técnicos para Licitação 2 (110765023).
A11: 1 | B11: LOTE 01 | C11: Coleta, trituração e transporte de resíduos de origem vegetal gerados em ambiente urbano das Regiões Administrativas: Plano Piloto (RA I), Cruzeiro (RA XI), Octogonal / Sudoeste (RA XXII), Setor de Armazenamento e Abastecimento Norte - SAAN, Setor de Indústria e Abastecimento – SIA (RA XXIX), Vila Planalto, Lago Norte (RA XVIII), Varjão (RA XXIII), Granja do Torto e Taquari.
A12: 1.1 - | B12: AMPLA CONCORRÊNCIA
E13: Quantidade (T), conforme documento SEI nº 109041926 | J13: 690
E14: DMT (Km),conforme documento SEI nº 109077546 | J14: 9.9
A15: 1.1.1 | B15: Coleta e trituração
A16: Item | B16: Código | C16: Origem | D16: Descrição | E16: Unid. | F16: Quant. | G16: Custo unitário | H16: Custo unitário com BDI | I16: Custo Total Item | J16: Custo Total Item com BDI
A17: 01 | B17: 4915769M | C17: Composição DIOC/DPJ | D17: Trituração de galhos e troncos com diâmetro de até 350 mm (Trituradora 96,94 kW (129,99hp) e Caminhões basculante de 188 kW (252,11 hp) com capacidade de 14 m³, kit pesagem embarcada e Guindauto com capacidade de 10 t.m) | E17: T | F17: 690 | G17: 285.49219 | H17: 349.64229 | I17: 196989.61 | J17: 241253.18
A18: 02 | B18: 5915441M | C18: Composição DIOC/DPJ | D18: Carga, manobra e descarga de trituração de galhos e troncos em caminhão basculante de 14 m³ - carga com trituradora e descarga livre | E18: T | F18: 690 | G18: 191.13585 | H18: 234.08408 | I18: 131883.74 | J18: 161518.01
H19: Sub-total | I19: 328873.35 | J19: 402771.19
A21: OBS: | B21: A EMPRESA VENCEDORA DEVERÁ APRESENTAR DADOS RELATIVOS DA CONTRATADA QUE FORNECEU O SISTEMA DE PESAGEM EMBARCADA
A23: 1.1.2 | B23: Bota-fora de material
A24: Item | B24: Código | C24: Origem | D24: Descrição | E24: Unid. | F24: Quant. | G24: Custo unitário | H24: Custo unitário com BDI | I24: Custo Total Item | J24: Custo Total Item com BDI
A25: 01 | B25: 95879 | C25: SINAPI | D25: TRANSPORTE COM CAMINHÃO BASCULANTE DE 14 M³, EM VIA URBANA PAVIMENTADA, DMT ATÉ 30 KM (UNIDADE: TXKM). AF_07/2020 | E25: TXKM | F25: 6831 | G25: 1.37 | H25: 1.677839 | I25: 9358.47 | J25: 11461.318
H26: Sub-total | I26: 9358.47 | J26: 11461.318
A28: OBS: | B28: QUANTIDADE = TXKM > TXDMT > 690 X 9,9 = 6.831,00
A30: 1.1.3 | B30: Gerenciamento
A31: Item | B31: Código | C31: Origem | D31: Descrição | E31: Unid. | F31: Quant. | G31: Custo unitário | H31: Custo unitário com BDI | I31: Custo Total Item | J31: Custo Total Item com BDI
A32: 01 | B32: 7119788M | C32: Composição DIOC/DPJ | D32: Veículo leve - 53 kW (71,07 hp/72,06 cv) - Administração local do Estaleiro Padrão (EXCLUSIVE: Veículo leve picape 4 x 4 com capacidade de 1,10 t - 147 kW e mãos de obra: Almoxarife, Auxiliar administrativo, Auxiliar técnico, Chefe setor de finanças, Comprador, Copeiro, Desenhista, Encarregado de turma, Encarregado geral, Engenheiro, Engenheiro chefe, Faxineiro, Médico do trabalho, Operacional, Recepcionista, Secretária, Técnico da qualidade, Técnico de meio ambiente, Técnico de segurança do trabalho e Vigia ) | E32: MÊS | F32: 1 | G32: 2250 | H32: 2755.575 | I32: 2250 | J32: 2755.575
H33: Sub-total | I33: 2250 | J33: 2755.575
A35: 1.1.4 | B35: Telemetria
A36: Item | B36: Código | C36: Origem | D36: Descrição | E36: Unid. | F36: Quant. | G36: Custo unitário | H36: Custo unitário com BDI | I36: Custo Total Item | J36: Custo Total Item com BDI
A37: 01 | B37: Sistema | C37: Cotação | D37: Sistema de monitoramento de veículo - TELEMETRIA | E37: MES | F37: 8 | G37: 75.725 | H37: 92.740407 | I37: 605.8 | J37: 741.92326
H38: Sub-total | I38: 605.8 | J38: 741.92326
A40: OBS: | B40: A EMPRESA VENCEDORA DEVERÁ APRESENTAR DADOS RELATIVOS À CONTRATADA PARA PRESTAÇÃO DO SERVIÇO DE TELEMETRIA
A42: 1.1.5 | B42: Equipamentos Portáteis
A43: Item | B43: Código | C43: Origem | D43: Descrição | E43: Unid. | F43: Quant. | G43: Custo unitário | H43: Custo unitário com BDI | I43: Custo Total Item | J43: Custo Total Item com BDI
A44: 01 | B44: Aparelho | C44: Cotação | D44: Aparelho Celular - 256GB ROM | E44: UN | F44: 1 | G44: 166.58333 | H44: 204.01461 | I44: 166.58333 | J44: 204.01461
A45: 02 | B45: Plano | C45: Cotação | D45: Plano de dados para telefone celular com no mínimo 20GB | E45: MES | F45: 1 | G45: 51.99 | H45: 63.672153 | I45: 51.99 | J45: 63.672153
H46: Sub-total | I46: 218.57333 | J46: 267.68676
A48: OBS: | B48: O CUSTO DO APARELHO CELULAR CONSIDEROU O MENOR PREÇO APURADO NO MERCADO DIVIDIDO PELO INTERSTÍCIO CONTRATUAL , ISTO É : R$ 1.999,00 /12 = R$ 166,5833/MÊS, VIDE DOC SEI (114239413)
A50: 1.1.6 | B50: Administração Local
A51: Item | B51: Código | C51: Origem | D51: Descrição | E51: Unid. | F51: Quant. | G51: Custo unitário | H51: Custo unitário com BDI | I51: Custo Total Item | J51: Custo Total Item com BDI
A52: 01 | B52: 101452 | C52: SINAPI | D52: SERVENTE DE OBRAS COM ENCARGOS COMPLEMENTARES | E52: MES | F52: 8 | G52: 3860.06 | H52: 4727.4155 | I52: 30880.48 | J52: 37819.324
A53: 02 | B53: 93572 | C53: SINAPI | D53: ENCARREGADO GERAL DE OBRAS COM ENCARGOS COMPLEMENTARES | E53: MES | F53: 1 | G53: 4115.32 | H53: 5040.0324 | I53: 4115.32 | J53: 5040.0324
H54: Sub-total | I54: 34995.8 | J54: 42859.356
A56: 1.1.7 | B56: Diversos
A57: Item | B57: Código | C57: Origem | D57: Descrição | E57: Unid. | F57: Quant. | G57: Custo unitário | H57: Custo unitário com BDI | I57: Custo Total Item | J57: Custo Total Item com BDI
A58: 01 | B58: 34498 | C58: SINAPI | D58: CONE DE SINALIZACAO EM PVC FLEXIVEL, H = 70 / 76 CM (NBR 15071) | E58: UN | F58: 16 | G58: 8.3141667 | H58: 10.18236 | I58: 133.02667 | J58: 162.91776
A59: 02 | B59: Manta | C59: Cotação | D59: Manta magnética 30 x25cm (Impressão em adesivo vinil fosco aplicado no imantado refilado) | E59: UN | F59: 26 | G59: 1.71915 | H59: 2.105443 | I59: 44.6979 | J59: 54.741518
A60: 03 | B60: Saúde | C60: SindLurb ACT 2022/2023 | D60: Auxílio saúde - Plano Ambulatorial | E60: MES | F60: 33 | G60: 160 | H60: 195.952 | I60: 5280 | J60: 6466.416
H61: Sub-total | I61: 5457.7246 | J61: 6684.0753
A63: OBS: | B63: O CUSTO DO INSUMO MANTA MAGNÉTICA CONSIDEROU O MENOR PREÇO APURADO NO MERCADO DIVIDIDO PELO INTERSTÍCIO CONTRATUAL , ISTO É : R$ 20,6298 /12 = R$ 1,7192/MÊS, VIDE DOC SEI (114253805)
B65: Resumo do Lote
C67: 1.1.1 | D67: Coleta e trituração | F67: 328873.35
C68: 1.1.2 | D68: Bota-fora de material | F68: 9358.47
C69: 1.1.3 | D69: Gerenciamento | F69: 2250
C70: 1.1.4 | D70: Telemetria | F70: 605.8
C71: 1.1.5 | D71: Equipamentos Portáteis | F71: 218.57333
C72: 1.1.6 | D72: Administração Local | F72: 34995.8
C73: 1.1.7 | D73: Diversos | F73: 5457.7246
D75: SUBTOTAL | F75: 381759.72
D76: BDI | E76: 0.2247 | F76: 85781.409
D77: TOTAL MENSAL DO LOTE | F77: 467541.13
D78: TOTAL ANUAL DO LOTE | F78: 5610493.5
D79: TOTAL MENSAL POR TONELADA | F79: 677.59583
A82: 2 | B82: LOTE 02 | C82: Coleta, trituração e transporte de resíduos de origem vegetal gerados em ambiente urbano das Regiões Administrativas: Plano Piloto (RA I), Cruzeiro (RA XI), Octogonal / Sudoeste (RA XXII), Setor de Armazenamento e Abastecimento Norte - SAAN, Setor de Indústria e Abastecimento – SIA (RA XXIX), Vila Planalto, Lago Norte (RA XVIII), Varjão (RA XXIII), Granja do Torto e Taquari.
A83: 2.1 - | B83: RESERVADO PARTICIPAÇÃO DE PEQUENAS EMPRESAS
E84: Quantidade (T), conforme documento SEI nº 109041926 | J84: 140
E85: DMT (Km),conforme documento SEI nº 109077546 | J85: 9.9
A86: 2.1.1 | B86: Coleta e trituração
A87: Item | B87: Código | C87: Origem | D87: Descrição | E87: Unid. | F87: Quant. | G87: Custo unitário | H87: Custo unitário com BDI | I87: Custo Total Item | J87: Custo Total Item com BDI
A88: 01 | B88: 4915769M | C88: Composição DIOC/DPJ | D88: Trituração de galhos e troncos com diâmetro de até 350 mm (Trituradora 96,94 kW (129,99hp) e Caminhões basculante de 188 kW (252,11 hp) com capacidade de 14 m³, kit pesagem embarcada e Guindauto com capacidade de 10 t.m) | E88: T | F88: 140 | G88: 285.49219 | H88: 349.64229 | I88: 39968.907 | J88: 48949.92
A89: 02 | B89: 5915441M | C89: Composição DIOC/DPJ | D89: Carga, manobra e descarga de trituração de galhos e troncos em caminhão basculante de 14 m³ - carga com trituradora e descarga livre | E89: T | F89: 140 | G89: 191.13585 | H89: 234.08408 | I89: 26759.019 | J89: 32771.771
H90: Sub-total | I90: 66727.926 | J90: 81721.691
A92: 2.1.2 | B92: Bota-fora de material
A93: Item | B93: Código | C93: Origem | D93: Descrição | E93: Unid. | F93: Quant. | G93: Custo unitário | H93: Custo unitário com BDI | I93: Custo Total Item | J93: Custo Total Item com BDI
A94: 01 | B94: 95879 | C94: SINAPI | D94: TRANSPORTE COM CAMINHÃO BASCULANTE DE 14 M³, EM VIA URBANA PAVIMENTADA, DMT ATÉ 30 KM (UNIDADE: TXKM). AF_07/2020 | E94: TXKM | F94: 1386 | G94: 1.37 | H94: 1.677839 | I94: 1898.82 | J94: 2325.4849
H95: Sub-total | I95: 1898.82 | J95: 2325.4849
A97: OBS: | B97: QUANTIDADE = TXKM > TXDMT > 140 X 9,9 =1.386,00
A99: 2.1.3 | B99: Gerenciamento
A100: Item | B100: Código | C100: Origem | D100: Descrição | E100: Unid. | F100: Quant. | G100: Custo unitário | H100: Custo unitário com BDI | I100: Custo Total Item | J100: Custo Total Item com BDI
A101: 01 | B101: 7119788M | C101: Composição DIOC/DPJ | D101: Veículo leve - 53 kW (71,07 hp/72,06 cv) - Administração local do Estaleiro Padrão (EXCLUSIVE: Veículo leve picape 4 x 4 com capacidade de 1,10 t - 147 kW e mãos de obra: Almoxarife, Auxiliar administrativo, Auxiliar técnico, Chefe setor de finanças, Comprador, Copeiro, Desenhista, Encarregado de turma, Encarregado geral, Engenheiro, Engenheiro chefe, Faxineiro, Médico do trabalho, Operacional, Recepcionista, Secretária, Técnico da qualidade, Técnico de meio ambiente, Técnico de segurança do trabalho e Vigia ) | E101: MÊS | F101: 1 | G101: 2250 | H101: 2755.575 | I101: 2250 | J101: 2755.575
H102: Sub-total | I102: 2250 | J102: 2755.575
A104: 2.1.4 | B104: Telemetria
A105: Item | B105: Código | C105: Origem | D105: Descrição | E105: Unid. | F105: Quant. | G105: Custo unitário | H105: Custo unitário com BDI | I105: Custo Total Item | J105: Custo Total Item com BDI
A106: 01 | B106: Sistema | C106: Cotação | D106: Sistema de monitoramento de veículo - TELEMETRIA | E106: MES | F106: 4 | G106: 75.725 | H106: 92.740407 | I106: 302.9 | J106: 370.96163
H107: Sub-total | I107: 302.9 | J107: 370.96163
A109: OBS: | B109: A EMPRESA VENCEDORA DEVERÁ APRESENTAR DADOS RELATIVOS À CONTRATADA PARA PRESTAÇÃO DO SERVIÇO DE TELEMETRIA
A111: 2.1.5 | B111: Equipamentos Portáteis
A112: Item | B112: Código | C112: Origem | D112: Descrição | E112: Unid. | F112: Quant. | G112: Custo unitário | H112: Custo unitário com BDI | I112: Custo Total Item | J112: Custo Total Item com BDI
A113: 01 | B113: Aparelho | C113: Cotação | D113: Aparelho Celular - 256GB ROM | E113: UN | F113: 1 | G113: 166.58333 | H113: 204.01461 | I113: 166.58333 | J113: 204.01461
A114: 02 | B114: Plano | C114: Cotação | D114: Plano de dados para telefone celular com no mínimo 20GB | E114: MES | F114: 1 | G114: 51.99 | H114: 63.672153 | I114: 51.99 | J114: 63.672153
H115: Sub-total | I115: 218.57333 | J115: 267.68676
A117: OBS: | B117: O CUSTO DO APARELHO CELULAR CONSIDEROU O MENOR PREÇO APURADO NO MERCADO DIVIDIDO PELO INTERSTÍCIO CONTRATUAL , ISTO É : R$ 1.999,00 /12 = R$ 166,5833/MÊS, VIDE DOC SEI (114239413)
A119: 2.1.6 | B119: Administração Local
A120: Item | B120: Código | C120: Origem | D120: Descrição | E120: Unid. | F120: Quant. | G120: Custo unitário | H120: Custo unitário com BDI | I120: Custo Total Item | J120: Custo Total Item com BDI
A121: 01 | B121: 101452 | C121: SINAPI | D121: SERVENTE DE OBRAS COM ENCARGOS COMPLEMENTARES | E121: MES | F121: 4 | G121: 3860.06 | H121: 4727.4155 | I121: 15440.24 | J121: 18909.662
A122: 02 | B122: 93572 | C122: SINAPI | D122: ENCARREGADO GERAL DE OBRAS COM ENCARGOS COMPLEMENTARES | E122: MES | F122: 1 | G122: 4115.32 | H122: 5040.0324 | I122: 4115.32 | J122: 5040.0324
H123: Sub-total | I123: 19555.56 | J123: 23949.694
A125: 2.1.7 | B125: Diversos
A126: Item | B126: Código | C126: Origem | D126: Descrição | E126: Unid. | F126: Quant. | G126: Custo unitário | H126: Custo unitário com BDI | I126: Custo Total Item | J126: Custo Total Item com BDI
A127: 01 | B127: 34498 | C127: SINAPI | D127: CONE DE SINALIZACAO EM PVC FLEXIVEL, H = 70 / 76 CM (NBR 15071) | E127: UN | F127: 8 | G127: 8.3141667 | H127: 10.18236 | I127: 66.513333 | J127: 81.458879
A128: 02 | B128: Manta | C128: Cotação | D128: Manta magnética 30 x25cm (Impressão em adesivo vinil fosco aplicado no imantado refilado) | E128: UN | F128: 14 | G128: 1.71915 | H128: 2.105443 | I128: 24.0681 | J128: 29.476202
A129: 03 | B129: Saúde | C129: SindLurb ACT 2022/2023 | D129: Auxílio saúde - Plano Ambulatorial | E129: MES | F129: 17 | G129: 160 | H129: 195.952 | I129: 2720 | J129: 3331.184
H130: Sub-total | I130: 2810.5814 | J130: 3442.1191
...

Sheet CAPA COM DESONERAÇÃO
B6: CAPA DA PLANILHA ESTIMATIVA
B8: INTERESSADO: | C8: Departamento de Parques e Jardins - DPJ/DU/NOVACAP | D8: L. S. Horista:
B9: OBJETO: | C9: ='COM DESONERAÇÃO'!D6 -> Contratação de empresa(s) especializada(s) na realização dos serviços de coleta, trituração e transporte de resíduos de origem vegetal gerados em ambiente urbano nos âmbito do Distrito Federal, por meio do sistema de registro de preço.
B11: LOCAL: | C11: Distrito Federal
B12: PRAZO (Dias Corridos): | C12: 360 (trezentos e sessenta) dias corridos
B13: Processo SEI-GDF Nº: | C13: 00112-00025752/2022-67
B14: DATA: | C14: =TODAY() -> 45142
B15: ORÇAMENTISTA(S): | C15: Téc. Edif. Alexsander de Oliveira Barbosa
B16: TABELAS REFERÊNCIA: | C16: SICRO - Out/2022
C17: SINAPI - Fev/2023
B18: ENCARGOS SOCIAIS: | C18: ='COM DESONERAÇÃO'!J6 -> COM DESONERAÇÃO
B19: BDI de Paisagismo: | C19: ='COM DESONERAÇÃO'!J5 -> 0.2882
B21: Lotes | C21: Valor Sem BDI | D21: BDI | E21: Valor Com BDI
B22: Lote 01 ............................................................................................................................................................................................................................. | C22: ='COM DESONERAÇÃO'!F75 -> 372572.36 | D22: ='COM DESONERAÇÃO'!F76 -> 107375.35 | E22: =C22+D22 -> 479947.71
B23: Lote 02 .............................................................................................................................................................................. | C23: ='COM DESONERAÇÃO'!F143 -> 90730.865 | D23: ='COM DESONERAÇÃO'!F144 -> 26148.635 | E23: =C23+D23 -> 116879.5
B24: Lote 03 .................................................................................................................................................................................... | C24: ='COM DESONERAÇÃO'!F211 -> 230740.58 | D24: ='COM DESONERAÇÃO'!F212 -> 66499.435 | E24: =C24+D24 -> 297240.01
B25: Lote 04 .............................................................................................................................................................................. | C25: ='COM DESONERAÇÃO'!F279 -> 54565.966 | D25: ='COM DESONERAÇÃO'!F280 -> 15725.911 | E25: =C25+D25 -> 70291.877
B26: Lote 05 .................................................................................................................................................................................... | C26: ='COM DESONERAÇÃO'!F349 -> 237145.58 | D26: ='COM DESONERAÇÃO'!F350 -> 68345.356 | E26: =C26+D26 -> 305490.94
B27: Lote 06 .............................................................................................................................................................................. | C27: ='COM DESONERAÇÃO'!F419 -> 55846.966 | D27: ='COM DESONERAÇÃO'!F420 -> 16095.096 | E27: =C27+D27 -> 71942.061
B28: Total Mensal............................................................................................................................................................................... | C28: =SUM(C22:C27) -> 1041602.3 | D28: =SUM(D22:D27)-0.01 -> 300189.78 | E28: =SUM(E22:E27)-0.01 -> 1341792.1
B29: Total Anual............................................................................................................................................................................... | C29: =C28*12 -> 12499228 | D29: 4432058.2 | E29: ='COM DESONERAÇÃO'!G439 -> 16101505
B31: NOTAS: | C31: * Esta planilha é apenas orientativa, sendo de inteira responsabilidade do contratado as quantidades e valores necessários a completa execução dos serviços. * Havendo irregularidades neste instrumento, entre em contato com a Ouvidoria de Combate a Corrupção, no telefone 0800-6449060

Sheet CAPA SEM DESONERAÇÃO
B6: CAPA DA PLANILHA ESTIMATIVA
B8: INTERESSADO: | C8: Departamento de Parques e Jardins - DPJ/DU/NOVACAP | D8: L. S. Horista:
B9: OBJETO: | C9: ='COM DESONERAÇÃO'!D6 -> Contratação de empresa(s) especializada(s) na realização dos serviços de coleta, trituração e transporte de resíduos de origem vegetal gerados em ambiente urbano nos âmbito do Distrito Federal, por meio do sistema de registro de preço.
B11: LOCAL: | C11: Distrito Federal
B12: PRAZO (Dias Corridos): | C12: 360 (trezentos e sessenta) dias corridos
B13: Processo SEI-GDF Nº: | C13: 00112-00025752/2022-67
B14: DATA: | C14: =TODAY() -> 45142
B15: ORÇAMENTISTA(S): | C15: Téc. Edif. Alexsander de Oliveira Barbosa
B16: TABELAS REFERÊNCIA: | C16: SICRO - Out/2022
C17: SINAPI - Fev/2023
B18: ENCARGOS SOCIAIS: | C18: ='SEM DESONERAÇÃO'!J6 -> SEM DESONERAÇÃO
B19: BDI de Paisagismo: | C19: ='SEM DESONERAÇÃO'!J5 -> 0.2247
B21: Lotes | C21: Valor Sem BDI | D21: BDI | E21: Valor Com BDI
B22: Lote 01 ............................................................................................................................................................................................................................. | C22: ='SEM DESONERAÇÃO'!F75 -> 381759.72 | D22: ='SEM DESONERAÇÃO'!F76 -> 85781.409 | E22: =C22+D22 -> 467541.13
B23: Lote 02 .............................................................................................................................................................................. | C23: ='SEM DESONERAÇÃO'!F144 -> 93764.361 | D23: ='SEM DESONERAÇÃO'!F145 -> 21068.852 | E23: =C23+D23 -> 114833.21 | K23: 15766607
B24: Lote 03 .................................................................................................................................................................................... | C24: ='SEM DESONERAÇÃO'!F212 -> 236805.67 | D24: ='SEM DESONERAÇÃO'!F213 -> 53210.235 | E24: =C24+D24 -> 290015.91 | K24: 3542756.5
B25: Lote 04 .............................................................................................................................................................................. | C25: ='SEM DESONERAÇÃO'!F280 -> 56437.057 | D25: ='SEM DESONERAÇÃO'!F281 -> 12681.407 | E25: =C25+D25 -> 69118.464 | K25: =SUM(K23:K24) -> 19309363
B26: Lote 05 .................................................................................................................................................................................... | C26: ='SEM DESONERAÇÃO'!F350 -> 243314.67 | D26: ='SEM DESONERAÇÃO'!F351 -> 54672.807 | E26: =C26+D26 -> 297987.48
B27: Lote 06 .............................................................................................................................................................................. | C27: ='SEM DESONERAÇÃO'!F416 -> 57738.857 | D27: ='SEM DESONERAÇÃO'!F417 -> 12973.921 | E27: =C27+D27 -> 70712.778
B28: Total Mensal............................................................................................................................................................................... | C28: =SUM(C22:C27) -> 1069820.3 | D28: =SUM(D22:D27)-0.01 -> 240388.62 | E28: =SUM(E22:E27) -> 1310209
B29: Total Anual............................................................................................................................................................................... | C29: =C28*12 -> 12837844 | D29: 3542756.5 | E29: ='SEM DESONERAÇÃO'!G436 -> 15722508
B31: NOTAS: | C31: * Esta planilha é apenas orientativa, sendo de inteira responsabilidade do contratado as quantidades e valores necessários a completa execução dos serviços. * Havendo irregularidades neste instrumento, entre em contato com a Ouvidoria de Combate a Corrupção, no telefone 0800-6449060

Sheet CRONOGRAMA COM E SEM
A4: Nº da estimativa: | D4: DPJ 005/2023 Com desoneração | M4: Data: | N4: 45142
A5: Interessado: | D5: Companhia Urbanizadora da Nova Capital do Brasil - NOVACAP - CNPJ/MF 00.037.457/0001-70, Processo SEI: 00112-00025752/2022-67 | M5: B.D.I.: | N5: 0.2882
A6: Objeto: | D6: Contratação de empresa(s) especializada(s) na realização dos serviços de coleta, trituração e transporte de resíduos de origem vegetal gerados em ambiente urbano nos âmbito do Distrito Federal, por meio do sistema de registro de preço. | N6: COM DESONERAÇÃO
A7: Locais: | D7: Regiões Administrativas do Distrito Federal | M7: Data Base: | N7: SINAPI-Fevereiro/2023 SICRO-Outubro/2022
A9: CRONOGRAMA FÍSICO FINANCEIRO DE DESEMBOLSO - SERVIÇOS DE COLETA, TRITURAÇÃO E TRANSPORTE DOS RESÍDUOS DE ORIGEM VEGETAL DO DF - LOTES 01 A 06
B10: MÊS 01 | C10: MÊS 02 | D10: MÊS 03 | E10: MÊS 04 | F10: MÊS 05 | G10: MÊS 06 | H10: MÊS 07 | I10: MÊS 08 | J10: MÊS 09 | K10: MÊS 10 | L10: MÊS 11 | M10: MÊS 12 | N10: TOTAL ANUAL
A11: LOTE 01 | B11: 479947.71 | C11: 479947.71 | D11: 479947.71 | E11: 479947.71 | F11: 479947.71 | G11: 479947.71 | H11: 479947.71 | I11: 479947.71 | J11: 479947.71 | K11: 479947.71 | L11: 479947.71 | M11: 479947.71 | N11: 5759372.5
A12: LOTE 02 | B12: 116879.5 | C12: 116879.5 | D12: 116879.5 | E12: 116879.5 | F12: 116879.5 | G12: 116879.5 | H12: 116879.5 | I12: 116879.5 | J12: 116879.5 | K12: 116879.5 | L12: 116879.5 | M12: 116879.5 | N12: 1402554
A13: LOTE 03 | B13: 297240.01 | C13: 297240.01 | D13: 297240.01 | E13: 297240.01 | F13: 297240.01 | G13: 297240.01 | H13: 297240.01 | I13: 297240.01 | J13: 297240.01 | K13: 297240.01 | L13: 297240.01 | M13: 297240.01 | N13: 3566880.2
A14: LOTE 04 | B14: 70291.877 | C14: 70291.877 | D14: 70291.877 | E14: 70291.877 | F14: 70291.877 | G14: 70291.877 | H14: 70291.877 | I14: 70291.877 | J14: 70291.877 | K14: 70291.877 | L14: 70291.877 | M14: 70291.877 | N14: 843502.53
A15: LOTE 05 | B15: 305490.94 | C15: 305490.94 | D15: 305490.94 | E15: 305490.94 | F15: 305490.94 | G15: 305490.94 | H15: 305490.94 | I15: 305490.94 | J15: 305490.94 | K15: 305490.94 | L15: 305490.94 | M15: 305490.94 | N15: 3665891.2
A16: LOTE 06 | B16: 71942.061 | C16: 71942.061 | D16: 71942.061 | E16: 71942.061 | F16: 71942.061 | G16: 71942.061 | H16: 71942.061 | I16: 71942.061 | J16: 71942.061 | K16: 71942.061 | L16: 71942.061 | M16: 71942.061 | N16: 863304.74
M17: TOTAL GERAL | N17: 16101505
A22: Nº da estimativa: | D22: DPJ 006/2023 Sem desoneração | M22: Data: | N22: 45142
A23: Interessado: | D23: Companhia Urbanizadora da Nova Capital do Brasil - NOVACAP - CNPJ/MF 00.037.457/0001-70, Processo SEI: 00112-00025752/2022-67 | M23: B.D.I.: | N23: 0.2247
A24: Objeto: | D24: Contratação de empresa(s) especializada(s) na realização dos serviços de coleta, trituração e transporte de resíduos de origem vegetal gerados em ambiente urbano nos âmbito do Distrito Federal, por meio do sistema de registro de preço. | N24: SEM DESONERAÇÃO
A25: Locais: | D25: Regiões Administrativas do Distrito Federal | M25: Data Base: | N25: SINAPI-Fevereiro/2023 SICRO-Outubro/2022
A27: CRONOGRAMA FÍSICO FINANCEIRO DE DESEMBOLSO - SERVIÇOS DE COLETA, TRITURAÇÃO E TRANSPORTE DOS RESÍDUOS DE ORIGEM VEGETAL DO DF - LOTES 01 A 06
B28: MÊS 01 | C28: MÊS 02 | D28: MÊS 03 | E28: MÊS 04 | F28: MÊS 05 | G28: MÊS 06 | H28: MÊS 07 | I28: MÊS 08 | J28: MÊS 09 | K28: MÊS 10 | L28: MÊS 11 | M28: MÊS 12 | N28: TOTAL ANUAL
A29: LOTE 01 | B29: 467541.13 | C29: 467541.13 | D29: 467541.13 | E29: 467541.13 | F29: 467541.13 | G29: 467541.13 | H29: 467541.13 | I29: 467541.13 | J29: 467541.13 | K29: 467541.13 | L29: 467541.13 | M29: 467541.13 | N29: 5610493.5
A30: LOTE 02 | B30: 114833.21 | C30: 114833.21 | D30: 114833.21 | E30: 114833.21 | F30: 114833.21 | G30: 114833.21 | H30: 114833.21 | I30: 114833.21 | J30: 114833.21 | K30: 114833.21 | L30: 114833.21 | M30: 114833.21 | N30: 1377998.6
A31: LOTE 03 | B31: 290015.91 | C31: 290015.91 | D31: 290015.91 | E31: 290015.91 | F31: 290015.91 | G31: 290015.91 | H31: 290015.91 | I31: 290015.91 | J31: 290015.91 | K31: 290015.91 | L31: 290015.91 | M31: 290015.91 | N31: 3480190.9
A32: LOTE 04 | B32: 69118.464 | C32: 69118.464 | D32: 69118.464 | E32: 69118.464 | F32: 69118.464 | G32: 69118.464 | H32: 69118.464 | I32: 69118.464 | J32: 69118.464 | K32: 69118.464 | L32: 69118.464 | M32: 69118.464 | N32: 829421.56
A33: LOTE 05 | B33: 297987.48 | C33: 297987.48 | D33: 297987.48 | E33: 297987.48 | F33: 297987.48 | G33: 297987.48 | H33: 297987.48 | I33: 297987.48 | J33: 297987.48 | K33: 297987.48 | L33: 297987.48 | M33: 297987.48 | N33: 3575849.8
A34: LOTE 06 | B34: 70712.778 | C34: 70712.778 | D34: 70712.778 | E34: 70712.778 | F34: 70712.778 | G34: 70712.778 | H34: 70712.778 | I34: 70712.778 | J34: 70712.778 | K34: 70712.778 | L34: 70712.778 | M34: 70712.778 | N34: 848553.34
M35: TOTAL GERAL | N35: 15722508
